 Dungeon Crawl Stone Soup version 0.18-a0-943-g2c08dd4 (webtiles) character file.

1875166 cluie the Politician (level 27, -4/244 (249) HPs)
             Began as a Demonspawn Fire Elementalist on Dec 27, 2015.
             Was the Champion of Cheibriados.
             Slain by a redback (6 damage)
             ... while paralysed by a hornet
             ... on level 21 of a ziggurat on Dec 28, 2015.
             The game lasted 09:49:11 (97695 turns).

cluie the Politician (DsFE)                        Turns: 97695, Time: 09:49:12

HP:   -4/244 (249)  AC: 14    Str: 33    XL:     27
MP:   21/71         EV:  2    Int: 52    God:    Cheibriados [******]
Gold: 6101          SH:  0    Dex: 38    Spells: 8 memorised, 20 levels left

rFire  + + +     SeeInvis .     a - +7 broad axe of Mana {pain, MP+9 Stlth+, The soup will never die.}
rCold  + . .     Gourm    .     V - +8 orange crystal plate armour {Archmagi, Int+3 Clar SustAt, came too early like the hooker i bought}
rNeg   + + .     Faith    .     E - -1 buckler of Fedwy {rElec rN+ Str+3}
rPois  .         Spirit   .     (helmet unavailable)
rElec  +         Dismiss  .     s - +4 cloak "Qaoh" {Dex+5}
rCorr  +         Reflect  .     f - +1 pair of gloves of the North Pole {rF+ Regen+ rCorr Slay+3}
SustAt +         Harm     .     k - +2 pair of boots of the Assassin {DetectMon Stab+ Stlth++}
MR     ++++.     Clarity  +     c - macabre finger necklace {rN+}
Stlth  +.........               Q - ring "Galockos" {*Contam +Fly rElec rC++ Stlth+}
                                H - ring of Sloth {Fire MP+9 Int+5 Dex-3}
                                m - ring of the Mage {Wiz MR++ Int+3}

@: paralysed, mighty, agile, lethally poisoned (-4 -> 16), corroded equipment,
held, slowed, very slow, incredibly resistant to hostile enchantments, very
unstealthy
A: horns 3, molten scales 3, powered by death 3, powered by pain 3, shaggy fur
2, augmentation 3
a: Bend Time, Temporal Distortion, Slouch, Step From Time, Renounce Religion,
Evoke Flight
}: 15/15 runes: barnacled, slimy, silver, golden, iron, obsidian, icy, bone,
abyssal, demonic, glowing, magical, fiery, dark, gossamer


You were on level 21 of a ziggurat.
You worshipped Cheibriados.
Cheibriados was exalted by your worship.
You were very full.

You visited 18 branches of the dungeon, and saw 91 of its levels.
You visited Pandemonium 2 times, and saw 19 of its levels.
You visited the Abyss 4 times.
You visited 1 bazaar.
You visited 4 ziggurats (completing 2), and saw 89 of their levels.
You also visited: Labyrinth, Trove, Ossuary and Wizlab.

You collected 46323 gold pieces.
You spent 10263 gold pieces at shops.
You paid 27298 gold pieces to Gozag.

Inventory:

Hand Weapons
 a - the +7 broad axe of Mana (weapon) {pain, MP+9 Stlth+, The soup will never die.}
   (You bought it in a shop on level 1 of the Vaults)

   In the hands of one skilled in necromantic magic, it inflicts extra damage on
   living creatures.
   It affects your magic capacity (+9).
   It makes you more stealthy.
 b - the +3 Elemental Staff {rElec rF++ rC++ MR++ AC+5}
   (You found it on level 19 of a ziggurat)

   It affects your AC (+5).
   It greatly protects you from fire.
   It greatly protects you from cold.
   It insulates you from electricity.
   It affects your resistance to hostile enchantments.
 g - the +7 Sceptre of Torment
   (You found it on level 11 of a ziggurat)
 i - the +4 Staff of Dispater
   (You took it off Dispater on level 7 of the Iron City of Dis)
 z - the +14 plutonium sword {*Contam Stlth-}
   (You found it on level 18 of a ziggurat)

   It causes magical contamination when unequipped.
   It makes you less stealthy.
Missiles
 y - 31 throwing nets (quivered)
Armour
 f - the +1 pair of gloves of the North Pole (worn) {rF+ Regen+ rCorr Slay+3}
   (You found it on level 3 of a ziggurat)

   It affects your accuracy and damage with ranged weapons and melee attacks
   (+3).
   It protects you from fire.
   It increases your rate of regeneration.
   It protects you from acid and corrosion.
 k - the +2 pair of boots of the Assassin (worn) {DetectMon Stab+ Stlth++}
   (You found it on level 4 of the Shoals)

   It makes you much more stealthy.
 l - the +15 Maxwell's patent armour {-Cast -Tele rElec MR+ rCorr}
   (You found it on level 13 of a ziggurat)

   It insulates you from electricity.
   It affects your resistance to hostile enchantments.
   It prevents spellcasting.
   It prevents most forms of teleportation.
   It protects you from acid and corrosion.
 s - the +4 cloak "Qaoh" (worn) {Dex+5}
   (You acquired it on level 21 of a ziggurat)

   It affects your dexterity (+5).
 E - the -1 buckler of Fedwy (worn) {rElec rN+ Str+3}
   (You bought it in a shop on level 1 of the Vaults)

   It affects your strength (+3).
   It insulates you from electricity.
   It protects you from negative energy.
 F - a +10 pearl dragon armour
 O - the +2 pair of gloves of Card Tricks {Dex+2 Slay+2}
   (You found it on level 19 of a ziggurat)

   It affects your dexterity (+2).
   It affects your accuracy and damage with ranged weapons and melee attacks
   (+2).
 V - the +8 orange crystal plate armour (worn) {Archmagi, Int+3 Clar SustAt, came too early like the hooker i bought}
   (You found it on level 12 of the Dungeon)

   It affects your intelligence (+3).
   It sustains your strength, intelligence and dexterity.
   It protects you against confusion.
Jewellery
 c - the macabre finger necklace (around neck) {rN+}
   (You bought it in a shop on level 1 of the Crypt)

   [amulet of nothing]

   It protects you from negative energy.
 m - the ring of the Mage (on amulet) {Wiz MR++ Int+3}
   (You found it on level 8 of a ziggurat)

   [ring of wizardry]

   It improves your spell success rate.
   It affects your intelligence (+3).
   It affects your resistance to hostile enchantments.
 x - the amulet of the Four Winds {rN+ MR+++ Clar}
   (You found it on level 15 of a ziggurat)

   [amulet of nothing]

   It protects you from negative energy.
   It affects your resistance to hostile enchantments.
   It protects you against confusion.
 H - the ring of Sloth (left hand) {Fire MP+9 Int+5 Dex-3}
   (You found it in a labyrinth)

   [ring of fire]

   It enhances your fire magic, and weakens your ice magic.
   It affects your intelligence (+5).
   It affects your dexterity (-3).
   It protects you from fire.
   It makes you vulnerable to cold.
   It affects your magic capacity (+9).
 Q - the ring "Galockos" (right hand) {*Contam +Fly rElec rC++ Stlth+}
   (You bought it in a shop on level 4 of the Spider Nest)

   [ring of stealth]

   It greatly protects you from cold.
   It insulates you from electricity.
   It lets you fly.
   It causes magical contamination when unequipped.
   It makes you more stealthy.
 S - the ring "Ofak" {+Fly rElec Str+3 Int+4 Dex+3}
   (You found it on level 14 of a ziggurat)

   [ring of intelligence]

   It affects your strength (+3).
   It affects your intelligence (+4).
   It affects your dexterity (+3).
   It insulates you from electricity.
   It lets you fly.
Wands
 e - a wand of heal wounds (7/9)
 t - a wand of teleportation (9/9)
 C - a wand of disintegration (9/24)
Scrolls
 j - 30 scrolls of recharging
 n - 2 scrolls of identify
 r - 19 scrolls of blinking {!r}
 u - 5 scrolls of immolation
 K - 33 scrolls of fog {!r}
 R - 13 scrolls of remove curse
 Y - 55 scrolls of teleportation {!r}
Potions
 h - 12 potions of heal wounds
 o - 24 potions of curing
 q - 3 potions of magic
 v - 4 potions of experience
 B - 14 potions of cure mutation {!q}
 J - 3 potions of cancellation
 P - 13 potions of brilliance
 Z - 8 potions of resistance
Miscellaneous
 d - a lamp of fire
 p - a crystal ball of energy
 G - a fan of gales
 X - a disc of storms
Comestibles
 w - 11 bread rations
 A - 26 meat rations


   Skills:
 O Level 27 Fighting
 O Level 27 Short Blades
 - Level 4.2(19.0) Long Blades
 - Level 19.8(21.2) Axes
   Level 14.1(18.5) Polearms
 - Level 0.3(9.3) Staves
 O Level 27 Armour
 O Level 27 Dodging
 - Level 1.7 Stealth
 O Level 27 Shields
 - Level 26.0 Spellcasting
 - Level 25.8 Conjurations
 - Level 20.4 Necromancy
 - Level 15.2 Translocations
 - Level 10.6 Transmutations
 - Level 23.2 Fire Magic
 - Level 24.2 Air Magic
 - Level 23.3 Earth Magic
   Level 5.0 Poison Magic
 - Level 5.8 Invocations
 + Level 25.3 Evocations


You had 20 spell levels left.
You knew the following spells:

 Your Spells              Type           Power        Failure   Level  Hunger
c - Fire Storm            Conj/Fire      #########.   2%          9    None
e - Shatter               Erth           #########.   4%          9    None
h - Tornado               Air            #########.   3%          9    None
i - Bolt of Magma         Conj/Fire/Erth #########.   0%          5    None
k - Chain Lightning       Conj/Air       #########.   1%          8    None
B - Phase Shift           Tloc           ########..   1%          5    None
F - Yara's Violent Unrav  Hex/Trmt       ########..   1%          5    None
S - Necromutation         Trmt/Necr      ########..   4%          8    None


Dungeon Overview and Level Annotations

Branches:
Dungeon (15/15)            Temple (1/1) D:6            Lair (8/8) D:10
 Shoals (4/4) Lair:5       Spider (4/4) Lair:4        Slime (6/6) Lair:6
    Orc (2/2) D:9             Elf (3/3) Orc:2        Vaults (5/5) D:13
  Crypt (3/3) Vaults:3       Tomb (3/3) Crypt:3      Depths (5/5) D:15
   Hell (1/1)                 Dis (7/7) Hell            Geh (7/7) Hell
    Nor (7/7) Hell            Tar (7/7) Hell            Zot (5/5) Depths:5

Altars:
Ashenzari
Cheibriados
Dithmenos
Elyvilon
Fedhas
Gozag
Kikubaaqudgha
Makhleb
Nemelex Xobeh
Okawaru
Pakellas
Qazlal
Ru
Sif Muna
Trog
Vehumet
Xom
Yredelemnul
Zin
The Shining One
Beogh
Jiyva

Shops:
D:3 }   D:5 =   D:8 [   D:11 %   D:12 (   Orc:2 *[(([   Elf:2 *   Elf:3 *(
Lair:1 :   Lair:4 (   Lair:8 [   Shoals:4 !   Spider:4 =   Vaults:1 *[
Vaults:2 ?   Vaults:4 (   Vaults:5 [   Crypt:1 =   Tomb:3 [   Depths:2 [

Portals:
Hell: Depths:1 Depths:2 Depths:3 Depths:4 Depths:5
Abyss: Depths:1 Depths:4
Pandemonium: Depths:3

Annotations:
Elf:2 5 runed doors, Donald
Depths:4 exclusion: orange crystal statue


Innate Abilities, Weirdness & Mutations

You have a pair of large horns on your head.
You are completely covered in molten scales (AC +4, EV -1, rF+).
You regenerate a lot of health from kills.
You are powered by pain.
Your magical and physical power is greatly enhanced at high health.
You are covered in thick fur (AC +2).


Message History

The trapdoor spider goes berserk!
The moth of wrath goads the trapdoor spider on!
The trapdoor spider goes berserk!
The moth of wrath completely misses you.
The entropy weaver mumbles some strange words.
The entropic weave corrodes you!
The redback bites you but does no damage.
An orb spider comes into view.
You feel extremely sick. The trapdoor spider bites you.
* * * LOW HITPOINT WARNING * * *
The wolf spider hits you!
* * * LOW HITPOINT WARNING * * *
You focus on the pain.
You feel your power returning.
The wolf spider bites you but does no damage.
The jumping spider pounces on you but does no damage.
The jumping spider bites you but does no damage.
The hornet stings you but does no damage.
The redback bites you.
You die...

▓≈§..
▓.≈≈†§.
▓▓...≈s..
▓▓..ssss.≈
▓▓§ss†sys..
▓▓§§†ssyssp.


▓▓§s§ssssps.. ▓▓≈≈w{sysy§§§s ▓.∩†§s@s{swsp§ ▓▓≈††ysss{s§sy ▓▓§§§sspysss.
▓▓§§≈spsssss ▓▓s≈s.s{sss ▓▓≈s.ss≈≈≈ ▓▓≈≈†.s.. ▓.≈.... You could see an emperor
scorpion (berserk), 5 entropy weavers, 2 torpor snails, 4 demonic crawlers, 2
wolf spiders, 3 moths of wrath, 3 hornets, 19 orb spiders, 12 trapdoor spiders,
3 jumping spiders, 8 tarantellas, 3 redbacks and a wasp.

Vanquished Creatures
  Cerebov (Pan)
  Antaeus (Nor:7)
  Asmodeus (Geh:7)
  the Royal Jelly (Slime:6)
  Ereshkigal (Tar:7)
  Gloorx Vloq (Pan)
  the Serpent of Hell (Dis:7)
  Mnoleg (Pan)
  Lom Lobon (Pan)
  Dispater (Dis:7)
  Khufu (Tomb:3)
  18 orbs of fire
  Mennas (Tomb:2)
  75 pandemonium lords
  25 ancient liches
  22 juggernauts
  The ghost of herpmino the Slayer, a legendary FoFi of Ashenzari (Geh:7)
  58 greater mummies
  Sojobo (Vaults:5)
  14 shard shrikes
  Boris (Tomb:1)
  25 iron giants
  Frederick (Crypt:1)
  Saint Roka (Orc:2)
  53 Killer Klowns
  5 curse toes
  Geryon (Hell)
  18 caustic shrikes
  22 golden dragons
  32 tentacled monstrosities
  Jory (Tomb:2)
  3 profane servitors
  23 bone dragons
  Xtahua (Vaults:3)
  5 pearl dragons
  37 liches
  9 doom hounds
  11 electric golems
  34 Ice Fiends
  36 Brimstone Fiends
  Rupert (D:15)
  2 hellephants
  25 Orb Guardians (Zot:5)
  34 Hell Sentinels
  19 deep elf blademasters
  14 quicksilver dragons
  25 deep elf master archers
  3 sphinxes (shapeshifter)
  22 sphinxes
  4 quicksilver dragons (shapeshifter)
  14 titans
  2 krakens
  8 eldritch tentacles
  96 acid blobs
  11 death cobs
  Murray (Depths:2)
  18 tentacled starspawn
  15 ancient champions
  16 Shadow Fiends
  22 Executioners
  20 tengu reavers
  29 shadow dragons
  2 storm dragons (shapeshifter)
  4 thorn hunters
  2 shadow dragons (shapeshifter)
  Ilsuiw (Shoals:4)
  36 storm dragons
  Roxanne (Elf:2)
  11 draconian monks
  41 greater nagas
  20 revenants
  4 azure jellies (shapeshifter)
  9 daevas
  5 fire giants (shapeshifter)
  50 azure jellies
  21 fire giants
  23 deep elf sorcerers
  14 frost giants
  14 draconian knights
  40 orc warlords
  Maud (Depths:4)
  Louise (Depths:1)
  27 vault wardens
  54 ghost moths
  35 iron dragons
  10 emperor scorpions
  17 cacodemons
  3 frost giants (shapeshifter)
  2 iron dragons (shapeshifter)
  3 deep elf elementalists
  18 draconian shifters
  12 curse skulls
  50 balrugs
  23 draconian scorchers
  17 draconian zealots
  8 caustic shrike zombies
  9 juggernaut zombies
  15 draconian annihilators
  24 ghouls
  4 warmongers
  40 war gargoyles
  52 very ugly things
  5 juggernaut skeletons
  11 angels
  8 caustic shrike skeletons
  13 blood saints
  16 ironheart preservers
  83 reapers
  4 elemental wellsprings
  5 ophanim
  5 stone giants (shapeshifter)
  26 draconian callers
  7 apis (shapeshifter)
  28 deep elf demonologists
  86 stone giants
  24 salamander stormcallers
  2 dire elephants
  28 bennus
  21 green draconians
  16 vampire knights
  4 apis
  13 lorocyprocas
  9 white draconians
  19 mottled draconians
  20 purple draconians
  32 deep elf annihilators
  19 chaos champions
  20 black draconians
  24 yellow draconians
  12 corrupters
  6 dire elephants (shapeshifter)
  12 spark wasps
  18 red draconians
  9 black suns
  39 ettins
  14 merfolk javelineers
  16 green deaths
  12 eidola
  41 fire dragons
  A minotaur (Lab)
  22 crystal guardians
  A fire dragon (shapeshifter) (Zig:13)
  28 vault guards
  50 mummy priests
  24 merfolk impalers
  24 death oozes
  9 deep elf death magi
  30 blizzard demons
  26 deep elf high priests
  10 quicksilver dragon zombies
  2 kraken zombies
  46 great orbs of eyes
  30 yaktaur captains
  27 entropy weavers
  30 hydras
  11 rakshasas
  8 jiangshi
  2 ghost crabs (shapeshifter)
  9 quicksilver dragon skeletons
  2 hydras (shapeshifter)
  13 naga warriors
  6 spriggan air magi
  2 entropy weavers (shapeshifter) (Zig:24)
  A monstrous demonspawn (Pan)
  7 hell beasts
  15 merfolk aquamancers
  10 merfolk avatars
  5 satyrs
  16 death knights
  44 ice dragons
  9 anacondas
  14 centaur warriors
  6 catoblepae
  2 anacondas (shapeshifter)
  4 iron giant zombies
  2 alligator snapping turtles (shapeshifter)
  8 deep troll shamans
  7 ghost crabs
  3 alligator snapping turtles
  6 deep troll earth magi
  2 iron giant skeletons
  16 titan zombies
  A death yak (shapeshifter) (Zig:7)
  7 tengu warriors
  22 ogre magi
  10 alligators
  A queen ant (shapeshifter) (Zig:24)
  14 dancing weapons
  49 orc high priests
  14 death yaks
  23 shock serpents
  3 shock serpents (shapeshifter)
  12 naga sharpshooters
  15 storm dragon zombies
  4 hell hogs (shapeshifter)
  31 hell hogs
  A spriggan berserker (Depths:2)
  6 vampire magi
  27 thrashing horrors
  36 soul eaters
  13 titan skeletons
  15 wretched stars
  23 hell knights
  22 iron golems
  Nergalle (D:10)
  4 iron trolls (shapeshifter)
  4 salamander mystics
  33 deep elf knights
  37 sun demons
  4 fire crabs
  72 death scarabs
  2 sea snakes (shapeshifter)
  123 skeletal warriors
  25 shadow wraiths
  A spectral anaconda (Depths:4)
  13 storm dragon skeletons
  13 naga ritualists
  5 unseen horrors
  8 spatial maelstroms
  A ghost moth zombie (Dis:2)
  2 spark wasp zombies
  23 harpies
  75 starcursed masses
  8 cherubim
  24 deep trolls
  23 iron trolls
  2 death drakes (shapeshifter) (WizLab)
  24 swamp dragons
  16 golden dragon zombies
  An unseen horror (shapeshifter) (Zig:12)
  15 giant orange brains
  16 death drakes
  6 infernal demonspawn (Pan)
  2 fire crabs (shapeshifter) (WizLab)
  An obsidian statue (Zig:6)
  30 flayed ghosts
  5 spriggan druids
  2 gelid demonspawn
  2 anaconda skeletons
  12 golden dragon skeletons
  2 orange crystal statues
  3 giant orange brains (shapeshifter)
  33 deep elf archers
  18 sea snakes
  2 shambling mangroves
  3 torturous demonspawn
  6 anaconda zombies
  5 putrid demonspawn
  A lindwurm (Lair:7)
  20 tengu zombies
  8 iron dragon zombies
  19 shadow dragon zombies
  17 shadow demons
  3 anubis guards (shapeshifter)
  7 hill giants
  14 tengu skeletons
  3 hill giants (shapeshifter)
  5 sphinx zombies
  22 phantasmal warriors
  19 necromancers
  42 orb spiders
  9 wizards
  28 ironbrand convokers
  5 wolf spider zombies
  31 orc knights
  40 hornets
  35 orc sorcerers
  92 ugly things
  A harpy (shapeshifter) (WizLab)
  2 oklob plants (Zig:11)
  16 griffons
  63 wolf spiders
  5 frost giant zombies
  2 orb spiders (shapeshifter)
  99 deep elf magi
  16 mana vipers
  6 stone giant zombies
  56 anubis guards
  14 shadow dragon skeletons
  47 shining eyes
  2 shining eyes (shapeshifter)
  A griffon (shapeshifter) (Zig:24)
  33 sixfirhies
  9 cyclopes
  A shock serpent zombie (Dis:7)
  9 fire giant zombies
  A mana viper (shapeshifter) (WizLab)
  7 sphinx skeletons
  58 moths of wrath
  2 water nymphs (shapeshifter) (Vaults:5)
  17 manticores
  2 moths of wrath (shapeshifter)
  11 worldbinders
  20 fauns
  30 naga magi
  A salamander (shapeshifter) (Vaults:4)
  8 iron dragon skeletons
  27 water nymphs
  9 salamanders
  79 rust devils
  A titan simulacrum (Crypt:3)
  An ice statue (Hell)
  3 stone giant skeletons
  24 vault sentinels
  4 dire elephant zombies
  17 sirens
  22 guardian serpents
  25 apocalypse crabs
  19 gargoyles
  32 elephants
  9 frost giant skeletons
  2 cyclopes (shapeshifter)
  22 eyes of devastation
  70 black mambas
  Joseph (D:9)
  An elephant slug zombie (Crypt:2)
  12 torpor snails
  30 spiny frogs
  6 fire giant skeletons
  20 orange demons
  A yaktaur zombie (Depths:1)
  2 guardian serpents (shapeshifter) (Zig:15)
  3 spiny frogs (shapeshifter)
  13 molten gargoyles (Geh:7)
  35 smoke demons
  A shock serpent skeleton (Tar:7)
  An eye of devastation (shapeshifter) (Zig:16)
  A green draconian zombie (Crypt:1)
  2 storm dragon simulacra
  A dire elephant skeleton (Nor:7)
  11 komodo dragons
  64 tormentors
  3 centaur skeletons
  11 spriggan skeletons
  57 hellions
  5 spectral merfolk (Depths:4)
  6 anaconda simulacra
  A fire drake (shapeshifter) (Elf:3)
  52 ice devils
  17 ancient zymes
  17 efreet
  A komodo dragon (shapeshifter) (Zig:15)
  A ghost moth simulacrum (Crypt:1)
  57 freezing wraiths
  2 emperor scorpion zombies (Tar:7)
  28 elf skeletons
  21 trolls
  2 golden dragon simulacra
  52 demonic crawlers
  6 kobold demonologists
  102 guardian mummies
  2 yaktaur skeletons
  12 hellwings
  56 jumping spiders
  11 tengu conjurers
  73 merfolk
  A queen bee (D:9)
  45 red devils
  21 fire drakes
  32 two-headed ogres
  A merfolk (shapeshifter) (Zig:13)
  58 yaktaurs
  A polar bear (shapeshifter) (Depths:2)
  36 raiju
  7 hydra zombies
  6 wind drakes
  A harpy zombie (Nor:1)
  2 silent spectres (Abyss:5)
  A slime creature (shapeshifter) (Zig:15)
  A blink frog (shapeshifter) (WizLab)
  27 boulder beetles
  A wolf spider simulacrum (Crypt:1)
  4 hydra skeletons
  2 polar bears
  252 slime creatures
  12 bog bodies
  12 giant leeches
  A shadow dragon simulacrum (Crypt:1)
  32 blink frogs
  2 harpy skeletons
  2 fire dragon zombies
  10 spriggan zombies
  5 alligator zombies
  3 stone giant simulacra
  An iron dragon simulacrum (Crypt:1)
  43 trapdoor spiders
  40 ushabtiu
  3 ice dragon zombies
  2 snapping turtles (shapeshifter)
  2 black mamba zombies
  27 snapping turtles
  158 flying skulls
  6 air elementals
  82 large abominations
  5 redbacks (shapeshifter)
  A tarantella (shapeshifter) (Vaults:1)
  22 vampires
  6 wyverns
  3 spriggans (shapeshifter)
  23 ynoxinuls
  63 redbacks
  2 ettin zombies
  2 humans (shapeshifter) (WizLab)
  5 spriggans
  44 shadows
  A satyr skeleton (Crypt:3)
  An alligator skeleton (Tomb:3)
  A frost giant simulacrum (Depths:1)
  A fire giant simulacrum (Crypt:1)
  A trapdoor spider (shapeshifter) (WizLab)
  3 ice dragon skeletons
  56 wraiths
  8 hungry ghosts
  6 ettin skeletons
  A wyvern (shapeshifter) (WizLab)
  22 fire elementals
  35 water elementals
  37 tarantellas
  A hog (shapeshifter) (Zig:15)
  10 steam dragons (Zig:22)
  4 fire dragon skeletons
  4 fire bats
  37 yaks
  An emperor scorpion simulacrum (Crypt:1)
  2 black mamba skeletons
  24 golden eyes
  4 hippogriffs (shapeshifter)
  44 chaos spawn
  3 golden eyes (shapeshifter)
  21 wolves
  A catoblepas simulacrum (Crypt:1)
  17 hippogriffs
  9 basilisks
  A harpy simulacrum (Hell)
  28 neqoxecs
  32 vampire mosquitoes
  8 mottled dragons
  19 spatial vortices
  73 hell hounds
  A soldier ant (D:11)
  5 hydra simulacra
  2 merfolk zombies
  33 small abominations
  14 nagas
  23 wargs
  3 soldier ants (shapeshifter)
  7 spiny frog zombies
  3 insubstantial wisps
  A human skeleton (Depths:3)
  2 spectral trolls (Depths:4)
  A merfolk skeleton (Crypt:1)
  An ice beast (shapeshifter) (Depths:5)
  26 water moccasins
  A swamp drake (shapeshifter) (Vaults:5)
  A faun skeleton (Crypt:1)
  16 swamp drakes
  2 spiny frog skeletons
  A water moccasin (shapeshifter) (WizLab)
  An ice dragon simulacrum (Crypt:1)
  A black bear (shapeshifter) (WizLab)
  A porcupine (shapeshifter) (Vaults:1)
  9 porcupines
  An ettin simulacrum (Crypt:1)
  An eye of draining (shapeshifter) (WizLab)
  A spectral spriggan (Depths:4)
  2 manticore zombies
  71 ogres
  133 orc warriors
  55 eyes of draining
  9 ice beasts
  2 swamp dragon zombies
  15 wasps
  An alligator simulacrum (Nor:4)
  A deep troll simulacrum (Depths:1)
  5 sky beasts
  2 black bears
  9 phantoms
  A wasp (shapeshifter) (Vaults:5)
  19 centaurs
  18 necrophages
  4 snapping turtle zombies
  A swamp dragon skeleton (Abyss:1)
  14 boggarts
  2 snapping turtle skeletons
  A black mamba simulacrum (Crypt:1)
  15 giant frogs
  5 big kobolds
  Blork the orc (Orc:2)
  A gnoll sergeant (Zig:16)
  52 elf zombies
  26 earth elementals
  25 crocodiles
  A cyclops zombie (Crypt:3)
  A merfolk simulacrum (Depths:4)
  A spiny frog simulacrum (Nor:7)
  A wyvern skeleton (D:10)
  A troll zombie (Crypt:2)
  A water moccasin skeleton (Crypt:2)
  An electric eel (Spider:1)
  3 spectral nagas (Depths:4)
  4 scorpions
  5 spectral ogres (Depths:4)
  28 killer bees
  An elf simulacrum (Vaults:3)
  35 wights
  A troll skeleton (Crypt:2)
  A yak skeleton (Crypt:3)
  A snapping turtle simulacrum (Crypt:1)
  A spectral centaur (Depths:4)
  2 quasits (Depths:3)
  A wolf zombie (Crypt:3)
  5 centaur zombies
  11 crimson imps
  3 giant frog zombies
  51 iron imps
  3 human zombies
  206 jellies
  30 orc priests
  41 orc wizards
  Crazy Yiuf (D:3)
  4 giant frog skeletons
  10 hounds
  A two-headed ogre skeleton (Crypt:3)
  9 worker ants
  Natasha (thrice) (D:2)
  11 iguanas
  2 polar bear simulacra (Lair:3)
  A porcupine skeleton (Crypt:2)
  A lightning spire (Zig:9)
  2 yak simulacra (Lair:3)
  2 ogre zombies
  4 wolf simulacra (Lair:3)
  45 sheep
  2 big kobold zombies (Ossuary)
  A deep dwarf skeleton (Crypt:3)
  A human simulacrum (Crypt:1)
  A naga zombie (Geh:7)
  An ogre skeleton (Crypt:3)
  A dwarf skeleton (Crypt:1)
  A hound zombie (D:10)
  199 mummies
  Robin (D:3)
  67 river rats
  A scorpion zombie (Crypt:3)
  8 gnolls
  9 adders
  12 shadow imps
  16 white imps
  8 giant eyeballs
  3 ufetubi
  An ooze (D:4)
  An adder skeleton (D:4)
  5 adder zombies
  5 worms
  4 ball lightnings
  3 giant geckos
  148 orcs
  2 ball pythons (D:2)
  4 bats
  9 giant cockroaches
  10 hobgoblins
  5 quokkas
  7 giant newts
  A giant newt skeleton (Crypt:1)
  A giant newt zombie (Crypt:1)
  A gnoll skeleton (Crypt:2)
  17 goblins
  3 goblin zombies
  6 hobgoblin zombies (Ossuary)
  10 jackals
  2 jackal zombies (Ossuary)
  28 kobolds
  13 kobold zombies
  An orc skeleton (Crypt:2)
  11 orc zombies
  2 quokka skeletons
  A quokka zombie (D:7)
  7 rats
  2 rat zombies
  3 river rat simulacra (Lair:3)
  3 briar patches (Zig:7)
  A bush (Abyss:1)
  13 crawling corpses
  174 fire vortices
  A fungus (Lair:7)
  3 lost souls (Zig:25)
  A lurking horror (Abyss:5)
  16 plants
  16 starspawn tentacles
  3 starspawn tentacle segments
  15 tentacles
9876 creatures vanquished.

Vanquished Creatures (collateral kills)
  An acid blob (Zig:17)
  2 deep elf annihilators (Zig:8)
  2 ball lightnings (Depths:5)
  A wretched star (Zig:11)
  An iron dragon skeleton (Zig:13)
  An elf zombie (Zig:19)
  A demonic crawler (Spider:3)
  A slime creature (Zig:12)
  A redback (Zig:21)
  A water elemental (Nor:7)
  A crawling corpse (Zig:27)
13 creatures vanquished.

Vanquished Creatures (others)
  A pandemonium lord (Zig:11)
  An ancient lich (Tomb:2)
  An iron giant (Dis:7)
  A golden dragon (Zig:22)
  A Hell Sentinel (Zig:20)
  A quicksilver dragon (Zig:22)
  A Shadow Fiend (Zig:23)
  A lich (Tomb:2)
  2 eldritch tentacles
  A shadow dragon (Zig:6)
  A storm dragon (Zig:22)
  A tengu reaver (Zig:10)
  An iron dragon (Zig:22)
  2 draconian zealots (Zot:2)
  A ghost moth (Zot:2)
  A caustic shrike skeleton (Zig:20)
  An apis (Zig:9)
  A deep elf high priest (Vaults:5)
  A blizzard demon (Zig:23)
  A fire dragon (Zig:22)
  A spriggan air mage (Zig:10)
  A hydra (Zig:14)
  A quicksilver dragon skeleton (Zig:19)
  An anaconda (shapeshifter) (Zig:11)
  13 dancing weapons
  A merfolk aquamancer (Zig:13)
  A deep elf knight (Elf:3)
  A soul eater (Zig:23)
  2 titan skeletons
  A large abomination (Pan)
  A golden dragon zombie (Zig:19)
  2 skeletal warriors
  A death drake (Zig:14)
  2 death scarabs (Tomb:2)
  A sea snake (Zig:13)
  A swamp dragon (Zig:9)
  461 ball lightnings
  An anubis guard (Tomb:3)
  An orc knight (Zig:17)
  A sphinx zombie (Zig:26)
  A wolf spider (Spider:3)
  A frost giant zombie (Nor:7)
  A spiny frog (Zig:14)
  A spriggan skeleton (Zig:19)
  2 yaktaurs
  A demonic crawler (Zig:21)
  A komodo dragon (shapeshifter) (Zig:24)
  A red devil (Geh:7)
  A small abomination (Zig:27)
  A fire drake (Zig:6)
  A hydra zombie (Geh:3)
  A snapping turtle (shapeshifter) (Zig:15)
  A hydra skeleton (Geh:7)
  2 air elementals (Zig:27)
  3 flying skulls
  A fire dragon zombie (Tomb:2)
  2 wyverns (Zig:22)
  A two-headed ogre (shapeshifter) (WizLab)
  2 wraiths
  A chaos spawn (Abyss:5)
  A steam dragon (Zig:22)
  A neqoxec (Abyss:5)
  5 swamp drakes
  An orc warrior (Zig:17)
  A wasp (Zig:14)
  An ogre (Zig:17)
  An earth elemental (Zig:12)
  A sheep (Lair:7)
  A hound skeleton (D:7)
  A mummy (Tomb:2)
  An adder (D:3)
  A white imp (Zig:26)
  376 eldritch tentacle segments
  87 fire vortices
  26 fungi
  9 lost souls
  A lurking horror (Abyss:5)
  35 plants
  25 starspawn tentacles
  455 starspawn tentacle segments
  12 tentacles
  682 tentacle segments
2267 creatures vanquished.

Grand Total: 12156 creatures vanquished

Notes
Turn   | Place    | Note
--------------------------------------------------------------
     0 | D:1      | cluie the Demonspawn Fire Elementalist began the quest for the Orb.
     0 | D:1      | Reached XP level 1. HP: 13/13 MP: 3/3
   511 | D:1      | Reached skill level 3 in Fire Magic
   512 | D:1      | Gained mutation: You regenerate a little health from kills. [demonic ancestry]
   512 | D:1      | Reached XP level 2. HP: 11/19 MP: 1/5
  1152 | D:1      | Reached XP level 3. HP: 24/24 MP: 3/6
  1194 | D:2      | Found an opulent altar of Gozag.
  1213 | D:2      | Became a worshipper of Gozag Ym Sagoz the Greedy
  1393 | D:2      | Noticed Natasha
  1397 | D:2      | Killed Natasha
  1397 | D:2      | Reached XP level 4. HP: 30/30 MP: 0/7
  1405 | D:2      | Learned a level 4 spell: Sticky Flame
  1580 | D:2      | Noticed Natasha
  1587 | D:2      | Killed Natasha
  1768 | D:2      | Noticed Natasha
  1772 | D:2      | Killed Natasha
  2079 | D:3      | Reached skill level 4 in Fire Magic
  2079 | D:3      | Reached XP level 5. HP: 32/35 MP: 3/8
  2208 | D:3      | Noticed Robin
  2253 | D:3      | Killed Robin
  2278 | D:3      | Learned a level 3 spell: Conjure Flame
  2339 | D:3      | Noticed Crazy Yiuf
  2348 | D:3      | Killed Crazy Yiuf
  2521 | D:3      | Found a stormy altar of Qazlal.
  2631 | D:3      | Found an oddly glowing altar of Pakellas.
  2631 | D:3      | Found Pakellas's Prime Provisions.
  2828 | D:4      | Reached XP level 6. HP: 9/41 MP: 3/10
  3360 | D:5      | Entered Level 5 of the Dungeon
  3523 | D:5      | Reached skill level 1 in Fighting
  3571 | D:5      | Reached XP level 7. HP: 48/48 MP: 7/11
  3590 | D:5      | Reached skill level 5 in Fire Magic
  3869 | D:5      | Reached skill level 5 in Conjurations
  3914 | D:5      | Gained mutation: You have a pair of small horns on your head. [demonic ancestry]
  3914 | D:5      | Reached XP level 8. HP: 41/57 MP: 14/14
  3915 | D:5      | haha finally
  3915 | D:5      | i get a mut and it's horns that kills my AC
  4080 | D:5      | Learned a level 5 spell: Fireball
  4280 | D:6      | Found an iron altar of Okawaru.
  4311 | D:6      | Found a staircase to the Ecumenical Temple.
  4467 | D:6      | Found an oddly glowing altar of Pakellas.
  4951 | D:7      | Found Zaiq's Food Shop.
  4961 | D:7      | Reached skill level 6 in Fire Magic
  5050 | D:7      | Found a sand-covered staircase.
  5057 | Ossuary  | Entered an ossuary
  5450 | D:7      | Bought a beef jerky for 15 gold pieces
  5450 | D:7      | Bought a meat ration for 50 gold pieces
  5450 | D:7      | Bought a slice of pizza for 15 gold pieces
  5450 | D:7      | Bought a beef jerky for 15 gold pieces
  5450 | D:7      | Bought a beef jerky for 15 gold pieces
  5450 | D:7      | Bought a meat ration for 50 gold pieces
  5670 | D:7      | Reached XP level 9. HP: 43/65 MP: 16/16
  6342 | D:7      | Reached skill level 5 in Spellcasting
  6428 | D:8      | Found a radiant altar of Vehumet.
  6428 | D:8      | Found a bloodstained altar of Trog.
  6428 | D:8      | Found a deep blue altar of Sif Muna.
  6428 | D:8      | Found a sparkling altar of Nemelex Xobeh.
  6428 | D:8      | Found a shadowy altar of Dithmenos.
  6428 | D:8      | Found an oddly glowing altar of Pakellas.
  6428 | D:8      | Found a sacrificial altar of Ru.
  6514 | D:8      | Reached skill level 5 in Fighting
  6616 | D:8      | Reached skill level 5 in Dodging
  6908 | D:8      | Learned a level 2 spell: Throw Flame
  7046 | D:8      | Bought a glowing cloak for 103 gold pieces
  7046 | D:8      | Bought a pair of embroidered boots for 103 gold pieces
  7066 | D:8      | Identified a +2 pair of boots of running (You bought it in a shop on level 8 of the Dungeon)
  7105 | D:8      | Reached skill level 7 in Fire Magic
  7175 | D:9      | Gained mutation: You sometimes gain a little power by taking damage. [demonic ancestry]
  7175 | D:9      | Reached XP level 10. HP: 76/76 MP: 10/19
  7444 | D:9      | Found a roughly hewn altar of Beogh.
  7446 | D:9      | Found a staircase to the Orcish Mines.
  7449 | D:9      | Noticed Joseph
  7473 | D:9      | Killed Joseph
  7823 | D:9      | Noticed a deep elf mage
  7855 | D:9      | Killed a deep elf mage
  8502 | D:9      | Reached skill level 8 in Conjurations
  8587 | D:5      | Bought the amulet "Qezxo Woyts" {Spirit Int+4 Slay+2} for 753 gold pieces
  8657 | D:10     | Entered Level 10 of the Dungeon
  8783 | D:10     | Gained mutation: You have a pair of horns on your head. [demonic ancestry]
  8783 | D:10     | Reached XP level 11. HP: 75/84 MP: 5/21
  8814 | D:10     | Noticed Nergalle
  9171 | D:10     | Found a staircase to the Lair.
  9354 | D:10     | Noticed a spectral orc warlord
  9719 | D:11     | Gained mutation: You regenerate slowly when monsters are visible. [potion of mutation]
  9719 | D:11     | Gained mutation: Your magical capacity is low (-10% MP). [potion of mutation]
  9719 | D:11     | Gained mutation: Scrolls take you a little longer to read. [potion of mutation]
  9723 | D:11     | Lost mutation: Scrolls take you a little longer to read. [potion of cure mutation]
  9723 | D:11     | Lost mutation: Your magical capacity is low (-10% MP). [potion of cure mutation]
  9723 | D:11     | Lost mutation: You regenerate slowly when monsters are visible. [potion of cure mutation]
  9937 | D:11     | Found Immusos's Food Shoppe.
 10250 | D:11     | Noticed a hill giant
 10263 | D:11     | Killed a hill giant
 10424 | D:12     | ahahahaha
 10424 | D:12     | not this early crawl!!!!
 10424 | D:12     | yeah, i got OCPA on d:12 but i cant do anything with it :(
 10498 | D:12     | Identified a scroll of acquirement
 10632 | D:12     | Noticed a hill giant
 10645 | D:12     | Killed a hill giant
 10671 | D:12     | Noticed a four-headed hydra
 10692 | D:12     | Killed a four-headed hydra
 10692 | D:12     | Reached skill level 9 in Conjurations
 11728 | D:11     | Gained mutation: You are partially covered in molten scales (AC +1). [demonic ancestry]
 11728 | D:11     | Reached XP level 12. HP: 59/94 MP: 12/24
 11852 | D:10     | Killed Nergalle
 11865 | Lair:1   | Entered Level 1 of the Lair of Beasts
 12023 | Lair:1   | Reached skill level 1 in Shields
 12776 | Lair:1   | Noticed an eight-headed hydra
 12794 | Lair:1   | Killed a nine-headed hydra
 12917 | Lair:2   | Noticed a six-headed hydra
 12934 | Lair:2   | Found a labyrinth entrance.
 12941 | Lair:2   | Killed a seven-headed hydra
 12955 | Lair:2   | Reached skill level 10 in Conjurations
 13007 | Lab      | Entered a labyrinth
 13363 | Lab      | Noticed a minotaur
 13382 | Lab      | seriously???
 13383 | Lab      | Killed a minotaur
 13385 | Lab      | Got an ancient pewter ring
 13386 | Lab      | Identified the ring of Zecuicw {SustAt MR++ Dex+4 Slay-4 SInv} (You took it off a minotaur in a labyrinth)
 13400 | Lab      | Got a scintillating bronze ring
 13402 | Lab      | Identified the ring of Sloth {Fire MP+9 Int+5 Dex-3} (You found it in a labyrinth)
 13716 | Lair:2   | Identified a +6 rod of inaccuracy (9/9) (You took it off a minotaur in a labyrinth)
 13771 | Lair:2   | Noticed a six-headed hydra
 13788 | Lair:2   | Killed a seven-headed hydra
 14060 | Lair:2   | Noticed a six-headed hydra
 14074 | Lair:2   | Killed a seven-headed hydra
 14074 | Lair:2   | Gained mutation: You have a pair of large horns on your head. [demonic ancestry]
 14074 | Lair:2   | Reached XP level 13. HP: 69/101 MP: 26/26
 14413 | Lair:3   | Got a translucent large shield
 14423 | Lair:3   | Identified the +2 large shield of the Beggar {rF++} (You found it on level 3 of the Lair of Beasts)
 14657 | Lair:3   | Reached skill level 10 in Fire Magic
 14989 | Lair:3   | Learned a level 3 spell: Ignite Poison
 14993 | Lair:3   | Learned a level 3 spell: Ozocubu's Armour
 15523 | Lair:4   | Reached skill level 10 in Fighting
 15582 | Lair:4   | Got a steaming dagger
 15583 | Lair:4   | Identified the +3 dagger of Ruxim {venom, Stlth+} (You found it on level 4 of the Lair of Beasts)
 15897 | Lair:4   | uh
 16276 | Lair:4   | Reached skill level 11 in Conjurations
 16420 | Lair:4   | Found a hole to the Spider Nest.
 16434 | Lair:4   | Reached skill level 10 in Spellcasting
 16546 | Lair:4   | Bought a glowing scimitar for 148 gold pieces
 16547 | Lair:4   | fuck you gozag
 16760 | Lair:4   | Cast into level 3 of the Abyss (a distortion unwield)
 16761 | Abyss:3  | FUCK YOU GOZAG
 16761 | Abyss:3  | Noticed a kraken
 16762 | Abyss:3  | uh ok
 16797 | Abyss:3  | Found a corrupted altar of Lugonu.
 16832 | Abyss:3  | Noticed a dire elephant
 16832 | Abyss:3  | Noticed a dire elephant
 16834 | Abyss:3  | Noticed a dire elephant
 16851 | Abyss:3  | Noticed a daeva
 16857 | Abyss:3  | Noticed an eldritch tentacle
 16920 | Lair:4   | Escaped the Abyss
 17776 | Lair:5   | Gained mutation: You regenerate health from kills. [demonic ancestry]
 17776 | Lair:5   | Reached XP level 14. HP: 111/111 MP: 25/28
 18061 | Lair:5   | Found a staircase to the Shoals.
 18137 | Lair:6   | Found a staircase to the Slime Pits.
 18934 | Lair:7   | Reached skill level 10 in Dodging
 19688 | Lair:7   | Learned a level 9 spell: Tornado
 20025 | Lair:8   | Entered Level 8 of the Lair of Beasts
 20050 | Lair:8   | Reached skill level 12 in Conjurations
 20061 | Lair:8   | Found an ancient bone altar of Kikubaaqudgha.
 20258 | Lair:8   | Reached skill level 1 in Air Magic
 20599 | Lair:8   | Learned a level 6 spell: Poisonous Cloud
 20939 | Lair:8   | Bought a smoking leather armour for 273 gold pieces
 20939 | Lair:8   | Identified the cursed +1 leather armour of Surprise {MP+9 Str-4 Int+4 Stlth+} (You bought it in a shop on level 8 of the Lair of Beasts)
 20962 | Lair:8   | Bought a steaming leather armour for 273 gold pieces
 20972 | Lair:8   | Identified the cursed +0 leather armour of Louzaur {rElec} (You bought it in a shop on level 8 of the Lair of Beasts)
 20974 | Lair:8   | Bought a brightly glowing robe for 222 gold pieces
 20984 | Lair:8   | Identified the cursed +1 robe "Qygrikae" {rPois Int+2} (You bought it in a shop on level 8 of the Lair of Beasts)
 21233 | Lair:8   | Reached skill level 1 in Poison Magic
 21233 | Lair:8   | Gained mutation: Your magical and physical power is slightly enhanced at high health. [demonic ancestry]
 21233 | Lair:8   | Reached XP level 15. HP: 110/119 MP: 14/30
 21234 | Lair:8   | oh yesss
 21234 | Lair:8   | ohhhh yesss
 21234 | Lair:8   | no but seriously i got aug too?
 21347 | Lair:8   | uh
 21347 | Lair:8   | welp
 21481 | Lair:4   | Bought a runed scimitar for 148 gold pieces
 22180 | Lair:4   | Found a hole to the Spider Nest.
 22323 | Lair:4   | Bought a slimy scimitar for 333 gold pieces
 22323 | Lair:4   | Identified the +7 scimitar "Budymin" {slice, +Rage rC+ MR-} (You bought it in a shop on level 4 of the Lair of Beasts)
 22724 | Orc:1    | Entered Level 1 of the Orcish Mines
 22981 | Orc:1    | Found a radiant altar of Vehumet.
 23407 | Orc:2    | Entered Level 2 of the Orcish Mines
 23574 | Orc:2    | Found a roughly hewn altar of Beogh.
 23574 | Orc:2    | Found Noits's General Store.
 23600 | Orc:2    | Bought a beef jerky for 22 gold pieces
 23608 | Orc:2    | Noticed Blork the orc
 23615 | Orc:2    | Reached skill level 1 in Long Blades
 23649 | Orc:2    | Killed Blork the orc
 23707 | Orc:2    | Found Juud Hau's Weapon Boutique.
 23711 | Orc:2    | Found a staircase to the Elven Halls.
 23741 | Orc:2    | Found a roughly hewn altar of Beogh.
 23940 | Orc:2    | Noticed Saint Roka
 23943 | Orc:2    | oh
 23943 | Orc:2    | it's roka
 23959 | Orc:2    | Killed Saint Roka
 24007 | Orc:2    | Found Naem's Antique Weapon Emporium.
 24008 | Orc:2    | Found a roughly hewn altar of Beogh.
 24015 | Orc:2    | Found Haduirid's Antique Armour Shoppe.
 24020 | Orc:2    | Bought a pair of twisted gloves for 342 gold pieces
 24036 | Orc:2    | Identified the cursed +0 pair of gloves "Naso" {rF- Str+4} (You bought it in a shop on level 2 of the Orcish Mines)
 24227 | Orc:2    | Found a roughly hewn altar of Beogh.
 24298 | Orc:2    | Found a roughly hewn altar of Beogh.
 24298 | Orc:2    | Found Gauneru's Armour Shop.
 24355 | Orc:2    | Bought the cursed +1 troll leather armour of the Thirteen Mice {*Drain rElec Regen+ Int+4} for 473 gold pieces
 24437 | Orc:2    | Found a roughly hewn altar of Beogh.
 24598 | Elf:1    | Entered Level 1 of the Elven Halls
 24827 | D:13     | Found a gate to the Vaults.
 25338 | D:14     | Reached skill level 13 in Conjurations
 25409 | D:14     | Found an opulent altar of Gozag.
 26289 | D:15     | Entered Level 15 of the Dungeon
 26289 | D:15     | Noticed Rupert
 26298 | D:15     | Killed Rupert
 26298 | D:15     | Reached XP level 16. HP: 78/128 MP: 19/31
 26382 | D:15     | Reached skill level 5 in Air Magic
 26528 | D:15     | wait
 26528 | D:15     | wat
 26798 | D:15     | Found a staircase to the Depths.
 26806 | D:15     | Reached skill level 1 in Polearms
 27249 | D:5      | Bought the amulet of Cekugob {Dismiss -Tele rElec rPois rN++ AC+1 EV+1} for 861 gold pieces
 28155 | Elf:1    | Identified the Tome of the Guild-Master (You found it on level 1 of the Elven Halls)
 28982 | Lair:7   | Learned a level 6 spell: Conjure Ball Lightning
 28987 | Lair:7   | Learned a level 4 spell: Airstrike
 29046 | Shoals:1 | Entered Level 1 of the Shoals
 30431 | Shoals:2 | Got a jewelled leather armour
 30432 | Shoals:2 | Identified the +3 leather armour "Nyigroq" {Str+3} (You found it on level 2 of the Shoals)
 30588 | Shoals:2 | Upgraded the game from 0.18-a0-917-g8a3da5b to 0.18-a0-921-g28655ce
 30887 | Shoals:3 | Reached XP level 17. HP: 94/137 MP: 9/33
 31726 | Shoals:4 | Entered Level 4 of the Shoals
 32366 | Shoals:4 | Identified a +4 rod of inaccuracy (13/13) (You found it on level 4 of the Shoals)
 32425 | Shoals:4 | Reached skill level 14 in Conjurations
 32433 | Shoals:4 | Reached skill level 5 in Polearms
 32469 | Shoals:4 | Got a barnacled rune of Zot
 32725 | Shoals:4 | Noticed Ilsuiw
 32935 | Shoals:3 | HP: 6/137 [merfolk impaler/trident (20)]
 33727 | Shoals:4 | Killed Ilsuiw
 34291 | Spider:1 | Entered Level 1 of the Spider Nest
 35254 | Spider:2 | Gained mutation: You are mostly covered in molten scales (AC +3, EV -1). [demonic ancestry]
 35254 | Spider:2 | Reached XP level 18. HP: 127/145 MP: 7/35
 36443 | Spider:4 | Entered Level 4 of the Spider Nest
 36485 | Spider:4 | Bought the ring "Galockos" {*Contam +Fly rElec rC++ Stlth+} for 637 gold pieces
 36545 | Spider:4 | Reached skill level 1 in Armour
 36591 | Spider:4 | thats a dick
 36591 | Spider:4 | maybe
 37473 | Spider:4 | Got a gossamer rune of Zot
 37752 | Spider:3 | Paralysed by a hornet for 2 turns
 39097 | Elf:2    | Found Hecs's Elven Fire.
 39214 | Elf:2    | Found a magical portal.
 39225 | WizLab   | Entered Cigotuvi's Fleshworks
 39475 | WizLab   | Paralysed by a giant eyeball for 3 turns
 39530 | WizLab   | Paralysed by a giant eyeball for 2 turns
 39587 | WizLab   | Got a shimmering golden amulet
 39588 | WizLab   | Identified the amulet "Bedaqua" {Gourm rElec rPois Str+4} (You found it in a wizard's laboratory)
 39615 | WizLab   | Reached skill level 5 in Armour
 39625 | WizLab   | Reached skill level 15 in Conjurations
 39856 | WizLab   | Gained mutation: Your flesh is heat resistant. [potion of mutation]
 39856 | WizLab   | Gained mutation: Your magical capacity is low (-10% MP). [potion of mutation]
 39857 | WizLab   | Gained mutation: Your spells are a little harder to cast, but a little more powerful. [potion of mutation]
 39857 | WizLab   | Gained mutation: You have large cloven feet. [potion of mutation]
 39858 | WizLab   | Gained mutation: You have hoof-like feet. [potion of mutation]
 39858 | WizLab   | Gained mutation: Your spells are harder to cast, but more powerful. [potion of mutation]
 39858 | WizLab   | Gained mutation: You are completely covered in molten scales (AC +4, EV -1, rF+). [potion of mutation]
 39859 | WizLab   | Gained mutation: Your natural rate of healing is unusually fast. [potion of mutation]
 39860 | WizLab   | Gained mutation: You evolve. [potion of mutation]
 39860 | WizLab   | Gained mutation: Scrolls take you a little longer to read. [potion of mutation]
 39861 | WizLab   | Gained mutation: You are resistant to hostile enchantments. [potion of mutation]
 39861 | WizLab   | Gained mutation: You are weak. (Str -2) [potion of mutation]
 39862 | WizLab   | Lost mutation: You are weak. (Str -2) [potion of mutation]
 39862 | WizLab   | Lost mutation: Scrolls take you a little longer to read. [potion of mutation]
 39873 | WizLab   | Lost mutation: Your spells are harder to cast, but more powerful. [potion of mutation]
 39873 | WizLab   | Gained mutation: You are agile. (Dex +2) [potion of mutation]
 39873 | WizLab   | Lost mutation: You evolve. [potion of mutation]
 39882 | WizLab   | Lost mutation: Your magical capacity is low (-10% MP). [potion of mutation]
 39889 | WizLab   | Gained mutation: You can translocate small distances at will. [potion of beneficial mutation]
 39890 | WizLab   | Gained mutation: You have supernaturally acute eyesight. [potion of beneficial mutation]
 39950 | WizLab   | Identified Cigotuvi's Volume of Shifting Stolen Souls (You found it in a wizard's laboratory)
 39956 | WizLab   | Identified the Handbook of Earthen Transmutation
 40180 | Elf:2    | Gained mutation: Your magical and physical power is enhanced at high health. [demonic ancestry]
 40180 | Elf:2    | Reached XP level 19. HP: 121/152 MP: 19/36
 40329 | Elf:2    | Noticed Donald
 40329 | Elf:2    | Reached skill level 5 in Poison Magic
 40372 | Elf:2    | nah i cant bring myself to kill donald
 40496 | Elf:2    | Noticed Roxanne
 40506 | Elf:2    | Why does roxanne have rf++ :(
 40555 | Elf:2    | Killed Roxanne
 40560 | Elf:2    | well
 40560 | Elf:2    | that was silly
 40560 | Elf:2    | but eh
 40563 | Elf:2    | Identified Roxanne's Volume of Stones and Changing (You took it off Roxanne on level 2 of the Elven Halls)
 40567 | Elf:2    | fuck you roxanne :(
 40648 | Elf:2    | Reached skill level 10 in Air Magic
 40716 | Elf:2    | Found a huge runed gate.
 40716 | Elf:2    | Found a huge runed gate.
 40716 | Elf:2    | Found a huge runed gate.
 40716 | Elf:2    | Found a huge runed gate.
 40716 | Elf:2    | Found a huge runed gate.
 40907 | Elf:3    | Entered Level 3 of the Elven Halls
 41049 | Elf:3    | Found Osutotipt's Weapon Boutique.
 41316 | Elf:3    | Reached skill level 10 in Polearms
 41608 | Elf:3    | Got a transparent tin ring
 41609 | Elf:3    | Identified the ring of Neqosea {Wiz rElec} (You took it off a deep elf blademaster on level 3 of the Elven Halls)
 41754 | Elf:3    | Identified the Grimoire of the Eight Lives (You found it on level 3 of the Elven Halls)
 41768 | Elf:3    | Bought a pair of embroidered gloves for 193 gold pieces
 42023 | Elf:3    | Got an ancient amber ring
 42101 | Elf:3    | Identified the ring "Lanegakk" {SustAt Dex+7} (You took it off a deep elf master archer on level 3 of the Elven Halls)
 42532 | Depths:1 | Entered Level 1 of the Depths
 42541 | Depths:1 | Found a one-way gate to the infinite horrors of the Abyss.
 42556 | Depths:1 | Found a gateway to Hell.
 42610 | Depths:1 | Found a portal to a secret trove of treasure.
 42652 | Depths:1 | Found a flickering gateway to a bazaar.
 42669 | Bazaar   | Entered a bazaar
 42671 | Bazaar   | Found Ehushry's Weapon Boutique.
 42675 | Bazaar   | Found Mog Tucw's Assorted Antiques.
 42675 | Bazaar   | Found Qapn's Distillery.
 42676 | Bazaar   | Found Udukhit's Food Boutique.
 42686 | Bazaar   | Bought a black potion for 32 gold pieces
 42690 | Bazaar   | Bought a potion of heal wounds for 180 gold pieces
 42696 | Bazaar   | Bought a potion of beneficial mutation for 420 gold pieces
 42696 | Bazaar   | Bought a potion of heal wounds for 60 gold pieces
 42696 | Bazaar   | Bought a potion of curing for 36 gold pieces
 42696 | Bazaar   | Bought a potion of heal wounds for 60 gold pieces
 42696 | Bazaar   | Gained mutation: You have a beak for a mouth. [potion of beneficial mutation]
 42718 | Bazaar   | Bought a slice of pizza for 10 gold pieces
 42718 | Bazaar   | Bought a bread ration for 35 gold pieces
 42718 | Bazaar   | Bought a bread ration for 35 gold pieces
 42718 | Bazaar   | Bought a beef jerky for 10 gold pieces
 42718 | Bazaar   | Bought a beef jerky for 10 gold pieces
 42718 | Bazaar   | Bought a beef jerky for 10 gold pieces
 42718 | Bazaar   | Bought a royal jelly for 14 gold pieces
 42718 | Bazaar   | Bought a meat ration for 35 gold pieces
 42718 | Bazaar   | Bought a bread ration for 35 gold pieces
 42718 | Bazaar   | Bought a beef jerky for 10 gold pieces
 42718 | Bazaar   | Bought a meat ration for 35 gold pieces
 42768 | Depths:1 | You paid a toll of a +4 demon trident to enter a treasure trove
 42769 | Trove    | Entered a treasure trove
 42775 | Trove    | Got a bloodstained leather armour
 42776 | Trove    | Identified the +0 leather armour "Nell" {Str+4} (You found it in a treasure trove)
 43168 | Depths:1 | Noticed Louise
 43197 | Depths:1 | Got a heavily runed ring mail
 43198 | Depths:1 | Identified the +3 ring mail of Midwinter {Regen+ Str+3} (You found it on level 1 of the Depths)
 43242 | Depths:1 | Killed Louise
 43242 | Depths:1 | Reached XP level 20. HP: 154/159 MP: 37/37
 43884 | Depths:2 | oh fuck
 44038 | Depths:2 | Reached skill level 16 in Conjurations
 44365 | Depths:2 | Found a huge runed gate.
 44365 | Depths:2 | Found a huge runed gate.
 44372 | Depths:2 | Found a huge runed gate.
 44385 | Depths:2 | Noticed a juggernaut
 44385 | Depths:2 | Noticed a juggernaut
 44471 | Depths:2 | Killed a juggernaut
 44657 | Depths:2 | Bought a runed buckler for 130 gold pieces
 44657 | Depths:2 | Bought a pair of warped boots for 275 gold pieces
 44700 | Depths:2 | Identified the +0 pair of boots of Gozag's Approval {rC++ Slay+2} (You bought it in a shop on level 2 of the Depths)
 45159 | Depths:2 | Learned a level 6 spell: Poison Arrow
 45627 | Depths:3 | Gained mutation: You sometimes gain power by taking damage. [demonic ancestry]
 45627 | Depths:3 | Reached XP level 21. HP: 89/165 MP: 13/38
 45690 | Depths:3 | Killed a juggernaut
 46035 | Depths:3 | Got a pair of spiked gloves
 46036 | Depths:3 | Identified the +1 pair of gloves of Dusof Zes {rF+ rC- Int+5} (You found it on level 3 of the Depths)
 46419 | Depths:3 | Found a one-way gate leading to the halls of Pandemonium.
 47596 | Depths:4 | Noticed an ancient lich
 47599 | Depths:4 | ow
 47603 | Depths:4 | OW
 47605 | Depths:4 | Found a gateway to a ziggurat.
 47793 | Depths:4 | Killed an ancient lich
 47844 | Depths:4 | Reached skill level 17 in Conjurations
 48414 | Depths:4 | Noticed Maud
 48421 | Depths:4 | Killed Maud
 48421 | Depths:4 | Reached XP level 22. HP: 174/174 MP: 34/40
 48446 | Depths:4 | Gained mutation: You are powered by pain. [demonic ancestry]
 48446 | Depths:4 | Reached XP level 23. HP: 180/180 MP: 37/41
 48481 | Depths:5 | Entered Level 5 of the Depths
 48483 | Depths:5 | Noticed a juggernaut
 48489 | Depths:5 | Killed a juggernaut
 48762 | Depths:5 | Reached skill level 15 in Fighting
 49092 | Depths:5 | Reached skill level 15 in Air Magic
 49532 | Depths:5 | Found a gate to the Realm of Zot.
 49982 | Vaults:1 | Entered Level 1 of the Vaults
 50777 | Vaults:1 | Bought a shimmering buckler for 408 gold pieces
 50777 | Vaults:1 | Bought a translucent broad axe for 387 gold pieces
 50777 | Vaults:1 | Identified the -1 buckler of Fedwy {rElec rN+ Str+3} (You bought it in a shop on level 1 of the Vaults)
 50795 | Vaults:1 | Identified the +7 broad axe of Mana {pain, MP+9 Stlth+} (You bought it in a shop on level 1 of the Vaults)
 50798 | Vaults:1 | apropos!
 51693 | Vaults:2 | Found Puagg's Magic Scroll Boutique.
 51748 | Vaults:2 | Bought a scroll of blinking for 135 gold pieces
 52428 | Vaults:3 | Mutation became permanent: You are completely covered in molten scales (AC +4, EV -1, rF+). [demonic ancestry]
 52428 | Vaults:3 | Reached XP level 24. HP: 189/189 MP: 41/41
 52559 | Vaults:3 | Reached skill level 15 in Spellcasting
 52682 | Vaults:3 | Found a staircase to the Crypt.
 52693 | Crypt:1  | Entered Level 1 of the Crypt
 53748 | Crypt:1  | Reached skill level 18 in Conjurations
 53959 | Crypt:1  | Noticed Frederick
 53975 | Crypt:1  | Killed Frederick
 54062 | Crypt:1  | Learned a level 5 spell: Bolt of Magma
 54764 | Crypt:2  | Found an ancient bone altar of Kikubaaqudgha.
 54861 | Crypt:2  | Reached skill level 15 in Dodging
 55163 | Crypt:3  | Entered Level 3 of the Crypt
 56065 | Crypt:3  | Found an ancient bone altar of Kikubaaqudgha.
 56072 | Crypt:3  | Found a basalt altar of Yredelemnul.
 56138 | Crypt:3  | Got an ancient emerald amulet
 56139 | Crypt:3  | Identified the amulet of Bahiggun {Gourm rF+ Dex+3} (You found it on level 3 of the Crypt)
 56292 | Crypt:3  | Got a heavily runed lapis lazuli ring
 56294 | Crypt:3  | Identified the ring of Deza Zin {rN+ Str+3 Stlth-} (You found it on level 3 of the Crypt)
 56297 | Crypt:3  | Got a scintillating jade ring
 56298 | Crypt:3  | Identified the ring "Uhapned" {rF- rN+ Slay+4} (You found it on level 3 of the Crypt)
 56308 | Crypt:3  | cool
 56308 | Crypt:3  | necromut, one day...
 56312 | Crypt:3  | Identified the Papyrus of Sinister Arts (You found it on level 3 of the Crypt)
 56397 | Crypt:3  | Found a staircase to the Tomb.
 56474 | Tomb:1   | Entered Level 1 of the Tomb of the Ancients
 56569 | Tomb:1   | Gained mutation: You regenerate a lot of health from kills. [demonic ancestry]
 56569 | Tomb:1   | Reached XP level 25. HP: 157/196 MP: 42/42
 57975 | Tomb:2   | Noticed Mennas
 57975 | Tomb:2   | Noticed Boris
 57981 | Tomb:2   | Killed Mennas
 57989 | Tomb:1   | Killed Boris
 60619 | Vaults:3 | Noticed Xtahua
 60632 | Vaults:3 | XOM: swap monsters
 60638 | Vaults:3 | XOM: swap monsters
 60658 | Vaults:3 | Killed Xtahua
 61919 | Vaults:4 | Gained mutation: Your magical and physical power is greatly enhanced at high health. [demonic ancestry]
 61919 | Vaults:4 | Reached XP level 26. HP: 201/210 MP: 44/44
 61936 | Vaults:4 | Got a heavily runed granite ring
 61937 | Vaults:4 | Identified the ring of Riyts {-Tele MP+9 Str+4 Dex+8} (You found it on level 4 of the Vaults)
 62279 | Vaults:5 | Entered Level 5 of the Vaults
 62297 | Vaults:5 | perfect.
 62533 | Vaults:5 | Gained mutation: Your spells are harder to cast, but more powerful. [potion of beneficial mutation]
 62534 | Vaults:5 | Gained mutation: You passively map a small area around you. [potion of beneficial mutation]
 62548 | Vaults:5 | me irl: "ok here's to wild magic 2"
 62548 | Vaults:5 | game: Here's wild magic 2
 62548 | Vaults:5 | :(
 62736 | Vaults:5 | Reached skill level 19 in Air Magic
 63233 | Vaults:5 | Noticed a juggernaut
 63233 | Vaults:5 | a caustic shrike changed into a juggernaut
 63236 | Vaults:5 | a juggernaut changed into a hellephant
 63412 | Vaults:5 | Noticed Sojobo
 63416 | Vaults:5 | Killed Sojobo
 63618 | Vaults:5 | Reached XP level 27. HP: 37/219 MP: 25/45
 63839 | Vaults:5 | Got a vibrating brass amulet
 63840 | Vaults:5 | Identified the amulet "Viuge" {Inacc Str+2 Dex+2} (You found it on level 5 of the Vaults)
 64256 | Vaults:5 | Identified the Collected Works on Creation and Weightlessness
 64436 | Vaults:5 | Got a silver rune of Zot
 64725 | Crypt:2  | Lost mutation: Your spells are harder to cast, but more powerful. [potion of cure mutation]
 64725 | Crypt:2  | Lost mutation: You have a beak for a mouth. [potion of cure mutation]
 64725 | Crypt:2  | Lost mutation: You have hoof-like feet. [potion of cure mutation]
 64725 | Crypt:2  | Lost mutation: Your spells are a little harder to cast, but a little more powerful. [potion of cure mutation]
 64725 | Crypt:2  | Lost mutation: Your flesh is heat resistant. [potion of cure mutation]
 64961 | Tomb:2   | Learned a level 8 spell: Necromutation
 64981 | Tomb:1   | Reached skill level 1 in Necromancy
 64997 | Tomb:1   | Reached skill level 1 in Transmutations
 65485 | Tomb:1   | Reached skill level 20 in Air Magic
 66118 | Tomb:2   | Noticed Jory
 66202 | Tomb:3   | Entered Level 3 of the Tomb of the Ancients
 66271 | Tomb:3   | Noticed an ancient lich
 66271 | Tomb:3   | Noticed an ancient lich
 66284 | Tomb:2   | Killed an ancient lich
 66285 | Tomb:2   | oh
 66285 | Tomb:2   | OH
 66285 | Tomb:2   | FUCKKKK
 66291 | Tomb:2   | Killed an ancient lich
 66439 | Tomb:3   | Noticed Khufu
 66930 | Tomb:3   | Reached skill level 21 in Air Magic
 67160 | Tomb:3   | Identified the Handbook of Fiery Unholy Rites (You found it on level 3 of the Tomb of the Ancients)
 67164 | Tomb:3   | Got a bound steel ring
 67166 | Tomb:3   | Identified the ring "Fouk" {rPois rF+ Stlth+} (You found it on level 3 of the Tomb of the Ancients)
 67175 | Tomb:3   | Identified the Compendium of the Rocks
 67182 | Tomb:3   | Identified the Compendium of Stones and Transmigration
 67196 | Tomb:3   | Learned a level 8 spell: Chain Lightning
 67200 | Tomb:3   | Learned a level 2 spell: Repel Missiles
 67258 | Tomb:3   | Got a pair of steaming boots
 67269 | Tomb:3   | Identified the cursed +0 pair of boots "Trusted Companion" {rCorr} (You found it on level 3 of the Tomb of the Ancients)
 67287 | Tomb:3   | Identified the Tome of Confrontation
 67355 | Tomb:3   | Killed Khufu
 67661 | Tomb:3   | Got a golden rune of Zot
 68033 | Tomb:2   | Killed Jory
 68644 | Slime:1  | Entered Level 1 of the Pits of Slime
 68711 | Slime:1  | yeah, im just chain lightning-ing them
 68711 | Slime:1  | fuck muts now
 69260 | Slime:2  | Gained mutation: Armour fits poorly on your strangely shaped body. [a shining eye]
 69943 | Slime:4  | Lost mutation: You are resistant to hostile enchantments. [potion of cure mutation]
 69943 | Slime:4  | Lost mutation: Armour fits poorly on your strangely shaped body. [potion of cure mutation]
 69943 | Slime:4  | Lost mutation: You have large cloven feet. [potion of cure mutation]
 70790 | Slime:6  | Entered Level 6 of the Pits of Slime
 70844 | Slime:6  | Found a viscous altar of Jiyva.
 70850 | Slime:6  | Noticed the Royal Jelly
 70860 | Slime:6  | Reached skill level 5 in Necromancy
 70870 | Slime:6  | Killed the Royal Jelly
 70871 | Slime:6  | uh
 70871 | Slime:6  | fuck
 70909 | Slime:6  | Identified the Incunabulum of the Arsonist and Confrontation (You found it on level 6 of the Pits of Slime)
 70971 | Slime:6  | Identified a +4 rod of inaccuracy (13/13) (You found it on level 6 of the Pits of Slime)
 71022 | Slime:6  | Got a polished giant spiked club
 71023 | Slime:6  | Identified the +4 giant spiked club "Kaebycob" {antimagic, Str+4} (You found it on level 6 of the Pits of Slime)
 71037 | Slime:6  | Got a flickering copper ring
 71039 | Slime:6  | Identified the ring of Jigudu {Wiz rPois} (You found it on level 6 of the Pits of Slime)
 71054 | Slime:6  | Got a slimy rune of Zot
 71644 | Crypt:1  | Bought the macabre finger necklace {rN+} for 392 gold pieces
 71956 | Tomb:3   | Bought a crude crystal plate armour for 2465 gold pieces
 71960 | Tomb:3   | Identified the +13 crystal plate armour of the Eleven Dances {rF+ Str+3} (You bought it in a shop on level 3 of the Tomb of the Ancients)
 72852 | Slime:6  | welp
 72852 | Slime:6  | i guess it's time.
 72852 | Slime:6  | i have no choice
 72852 | Slime:6  | but to go chei kekekekek
 73158 | Temple   | Entered the Ecumenical Temple
 73211 | Temple   | Fell from the grace of Gozag
 73211 | Temple   | Became a worshipper of Cheibriados the Contemplative
 73212 | Temple   | I REGRET EVERYTHING
 73214 | Temple   | nothing*
 73614 | Zig:1    | Entered Level 1 of a ziggurat
 73633 | Zig:2    | Entered Level 2 of a ziggurat
 73670 | Zig:3    | Entered Level 3 of a ziggurat
 73686 | Zig:3    | Gained mutation: You have an increased reservoir of magic (+10% MP). [mutagenic meat]
 73687 | Zig:3    | Gained mutation: You expend magic power (3 MP) to strengthen your wands. [mutagenic meat]
 73704 | Zig:4    | Entered Level 4 of a ziggurat
 73717 | Zig:4    | Reached * piety under Cheibriados
 73731 | Zig:4    | Identified the Compendium of Conjuration
 73746 | Zig:5    | Entered Level 5 of a ziggurat
 73776 | Zig:6    | Entered Level 6 of a ziggurat
 73818 | Zig:6    | Learned a level 9 spell: Fire Storm
 73838 | Zig:7    | Entered Level 7 of a ziggurat
 73963 | Zig:8    | Entered Level 8 of a ziggurat
 73968 | Zig:8    | ah, fuck
 73973 | Zig:8    | Reached ** piety under Cheibriados
 73980 | Zig:8    | Reached skill level 5 in Transmutations
 74027 | Zig:9    | Entered Level 9 of a ziggurat
 74074 | Zig:10   | Entered Level 10 of a ziggurat
 74084 | Zig:10   | Reached *** piety under Cheibriados
 74085 | Zig:10   | Reached skill level 1 in Invocations
 74144 | Zig:10   | Identified Sif Muna's Handbook of Dislocated Dark Arts (You found it on level 10 of a ziggurat)
 74180 | Zig:10   | Learned a level 5 spell: Phase Shift
 74202 | Zig:11   | Entered Level 11 of a ziggurat
 74219 | Zig:11   | Reached **** piety under Cheibriados
 74295 | Zig:11   | Identified the Grimoire of Moulding (You found it on level 11 of a ziggurat)
 74319 | Zig:11   | Identified Baiteuru's Reference Book on Conjuration and Clay
 74361 | Zig:12   | Entered Level 12 of a ziggurat
 74429 | Zig:12   | Got a coiled copper ring
 74439 | Zig:12   | Identified the ring "Moivin" {rN+ Int-2 Dex+3} (You found it on level 12 of a ziggurat)
 74482 | Zig:13   | Entered Level 13 of a ziggurat
 74491 | Zig:13   | Reached ***** piety under Cheibriados
 74548 | Zig:13   | Got a transparent crystal amulet
 74549 | Zig:13   | Identified the amulet of Yschuckorad {Gourm +Inv rC+ MR+} (You found it on level 13 of a ziggurat)
 74551 | Zig:13   | Got a steaming buckler
 74552 | Zig:13   | Identified the +0 buckler of Jiosocs {Dex+2} (You found it on level 13 of a ziggurat)
 74756 | Zig:14   | Entered Level 14 of a ziggurat
 74773 | Zig:14   | Reached skill level 5 in Invocations
 75103 | Zot:1    | Entered Level 1 of the Realm of Zot
 75103 | Zot:1    | Noticed an orb of fire
 75103 | Zot:1    | Noticed an orb of fire
 75105 | Zot:1    | Gained mutation: Armour fits poorly on your strangely shaped body. [an orb of fire]
 75108 | Zot:1    | Lost mutation: You are agile. (Dex +2) [an orb of fire]
 75109 | Zot:1    | Gained mutation: You are clumsy. (Dex -2) [an orb of fire]
 75112 | Zot:1    | Gained mutation: You are weak. (Str -2) [an orb of fire]
 75114 | Zot:1    | Killed an orb of fire
 75114 | Zot:1    | Reached skill level 10 in Necromancy
 75116 | Zot:1    | Killed an orb of fire
 75121 | Depths:5 | Lost mutation: You passively map a small area around you. [potion of cure mutation]
 75121 | Depths:5 | Lost mutation: Armour fits poorly on your strangely shaped body. [potion of cure mutation]
 75121 | Depths:5 | Lost mutation: Your natural rate of healing is unusually fast. [potion of cure mutation]
 75121 | Depths:5 | Lost mutation: You expend magic power (3 MP) to strengthen your wands. [potion of cure mutation]
 75123 | Depths:5 | Lost mutation: You are clumsy. (Dex -2) [potion of cure mutation]
 75123 | Depths:5 | Lost mutation: You have supernaturally acute eyesight. [potion of cure mutation]
 75123 | Depths:5 | Lost mutation: You have an increased reservoir of magic (+10% MP). [potion of cure mutation]
 75123 | Depths:5 | Lost mutation: You are weak. (Str -2) [potion of cure mutation]
 75123 | Depths:5 | Lost mutation: You can translocate small distances at will. [potion of cure mutation]
 75855 | Zot:1    | Reached ****** piety under Cheibriados
 76191 | Zot:2    | Reached skill level 10 in Transmutations
 76569 | Zot:2    | Gained mutation: You have an increased reservoir of magic (+10% MP). [a neqoxec]
 76933 | Zot:3    | Noticed an orb of fire
 76933 | Zot:3    | Gained mutation: Armour fits poorly on your strangely shaped body. [an orb of fire]
 76935 | Zot:3    | FUCK OOF
 76941 | Zot:3    | Killed an orb of fire
 77465 | Zot:4    | Was forgiven by Gozag
 77507 | Zot:4    | Noticed an ancient lich
 77518 | Zot:4    | Killed an ancient lich
 77770 | Zot:4    | Reached skill level 1 in Evocations
 77985 | Zot:4    | Got a pair of steaming gloves
 77986 | Zot:4    | Identified the cursed -2 pair of gloves of Hairiness {-Tele MP+9 Dex+4 SInv} (You found it on level 4 of the Realm of Zot)
 78479 | Zot:5    | Entered Level 5 of the Realm of Zot
 78485 | Zot:5    | Found a huge runed gate.
 78485 | Zot:5    | Found a huge runed gate.
 78485 | Zot:5    | Found a huge runed gate.
 78485 | Zot:5    | Found a huge runed gate.
 78485 | Zot:5    | Found a huge runed gate.
 78485 | Zot:5    | Found a huge runed gate.
 78487 | Zot:5    | Found a huge runed gate.
 78487 | Zot:5    | Found a huge runed gate.
 78494 | Zot:5    | Reached skill level 15 in Necromancy
 78500 | Zot:5    | zot. 5. door. vault.
 78500 | Zot:5    | NOTHING TO LOSE
 78501 | Zot:5    | Found a huge runed gate.
 78501 | Zot:5    | Found a huge runed gate.
 78502 | Zot:5    | Found a huge runed gate.
 78549 | Zot:5    | Noticed an orb of fire
 78549 | Zot:5    | Noticed an ancient lich
 78554 | Zot:5    | Killed an ancient lich
 78554 | Zot:5    | Reached skill level 5 in Evocations
 78555 | Zot:5    | Killed an orb of fire
 78649 | Zot:5    | Noticed an ancient lich
 78659 | Zot:5    | Killed an ancient lich
 78692 | Zot:5    | Noticed an orb of fire
 78703 | Zot:5    | Killed an orb of fire
 78723 | Zot:5    | Noticed an orb of fire
 78730 | Zot:5    | Noticed an ancient lich
 78730 | Zot:5    | Killed an orb of fire
 78740 | Zot:5    | Killed an ancient lich
 78747 | Zot:5    | Noticed an ancient lich
 78755 | Zot:5    | Killed an ancient lich
 78755 | Zot:5    | Reached skill level 15 in Fire Magic
 78760 | Zot:5    | Noticed an ancient lich
 78768 | Zot:5    | Killed an ancient lich
 78888 | Zot:5    | Noticed an orb of fire
 78904 | Zot:5    | Killed an orb of fire
 78926 | Zot:5    | Reached skill level 22 in Spellcasting
 78927 | Zot:5    | Noticed an ancient lich
 78935 | Zot:5    | Killed an ancient lich
 79766 | Depths:4 | Voluntarily entered the Abyss.
 80004 | Abyss:2  | Found a corrupted altar of Lugonu.
 80371 | Abyss:2  | a desire for....
 80371 | Abyss:2  | SKIN
 80371 | Abyss:2  | no wait
 80371 | Abyss:2  | a few....RIDICULOUS DEMONSPAWN
 80371 | Abyss:2  | a sea of....ZIGGURATS
 80371 | Abyss:2  | and MUTATIONS
 80381 | Abyss:2  | a desire for...KILLDUDES
 80381 | Abyss:2  | soon
 80568 | Abyss:3  | Found a bloodstained altar of Trog.
 80684 | Abyss:4  | Gained mutation: You expend magic power (3 MP) to strengthen your wands. [a shining eye]
 80685 | Abyss:4  | Gained mutation: Your body sometimes deteriorates upon taking damage. [a shining eye]
 80717 | Abyss:4  | Reached skill level 10 in Evocations
 80735 | Abyss:5  | Entered Level 5 of the Abyss
 80735 | Abyss:5  | Found a corrupted altar of Lugonu.
 80924 | Abyss:5  | Lost mutation: Armour fits poorly on your strangely shaped body. [potion of cure mutation]
 80924 | Abyss:5  | Lost mutation: You expend magic power (3 MP) to strengthen your wands. [potion of cure mutation]
 80924 | Abyss:5  | Lost mutation: Your body sometimes deteriorates upon taking damage. [potion of cure mutation]
 80925 | Abyss:5  | Reached skill level 10 in Armour
 80928 | Abyss:5  | Found a corrupted altar of Lugonu.
 81291 | Abyss:5  | Lost mutation: You have an increased reservoir of magic (+10% MP). [a neqoxec]
 81348 | Abyss:5  | knew i should have risked the hellephants
 81379 | Abyss:5  | Gained mutation: Your body sometimes deteriorates upon taking damage. [a neqoxec]
 81849 | Abyss:5  | Found a corrupted altar of Lugonu.
 81894 | Abyss:5  | Found an opulent altar of Gozag.
 81894 | Abyss:5  | Found a corrupted altar of Lugonu.
 82141 | Abyss:5  | Paralysed by accursed screaming for 1 turns
 82168 | Abyss:5  | Found a corrupted altar of Lugonu.
 82286 | Abyss:5  | Got an abyssal rune of Zot
 82332 | Depths:4 | Escaped the Abyss
 82333 | Depths:4 | Lost mutation: Your body sometimes deteriorates upon taking damage. [potion of cure mutation]
 82433 | Pan      | Entered Pandemonium
 82434 | Pan      | Noticed Ohuy the pandemonium lord
 82438 | Pan      | Killed Ohuy the pandemonium lord
 82440 | Pan      | Got a demonic rune of Zot
 82698 | Pan      | Noticed Fuen the pandemonium lord
 82707 | Pan      | Killed Fuen the pandemonium lord
 82746 | Pan      | Found an exit through the horrors of the Abyss.
 82775 | Depths:3 | Escaped Pandemonium
 82777 | Pan      | Entered Pandemonium
 82945 | Pan      | Found an exit through the horrors of the Abyss.
 83346 | Pan      | Noticed Amamo the pandemonium lord
 83352 | Pan      | Killed Amamo the pandemonium lord
 83412 | Pan      | Entered the realm of Mnoleg.
 83416 | Pan      | Reached skill level 23 in Spellcasting
 83431 | Pan      | Paralysed by a giant eyeball for 2 turns
 83436 | Pan      | Paralysed by a giant eyeball for 2 turns
 83444 | Pan      | Noticed Mnoleg
 83458 | Pan      | Killed Mnoleg
 83472 | Pan      | Paralysed by a giant eyeball for 4 turns
 83545 | Pan      | Got a glowing rune of Zot
 83586 | Pan      | Entered the realm of Cerebov.
 83722 | Pan      | Got a fine granite ring
 83723 | Pan      | Identified the ring "Caor" {+Fly rF+ rN+++ Dex-5 SInv} (You found it in Pandemonium)
 83727 | Pan      | Got a warped tin ring
 83728 | Pan      | Identified the ring "Dalianis" {Int+5 Stlth+} (You found it in Pandemonium)
 83844 | Pan      | Got a clouded tin ring
 83846 | Pan      | Identified the ring "Ethroecyi" {Ice -Tele rPois MR- Dex+5} (You took it off an efreet in Pandemonium)
 83855 | Pan      | Noticed Cerebov
 83890 | Pan      | Killed Cerebov
 83901 | Pan      | Cerebov falls into the lava! Cerebov drowns.
 83901 | Pan      | perfection
 83901 | Pan      | even though i kind of wanted his sword
 83908 | Pan      | Got a fiery rune of Zot
 83913 | Pan      | Identified Anliqif's Volume of Dusty Shape Shifting (You found it in Pandemonium)
 83924 | Pan      | Learned a level 5 spell: Yara's Violent Unravelling
 84524 | Pan      | Entered the realm of Lom Lobon.
 84575 | Pan      | Found an exit through the horrors of the Abyss.
 84716 | Pan      | Noticed Lom Lobon
 84723 | Pan      | Killed Lom Lobon
 84766 | Pan      | Got a magical rune of Zot
 84863 | Pan      | Found an exit through the horrors of the Abyss.
 84874 | Pan      | Entered the realm of Gloorx Vloq.
 84874 | Pan      | Found an exit through the horrors of the Abyss.
 84923 | Pan      | Noticed Gloorx Vloq
 84933 | Pan      | Killed Gloorx Vloq
 84991 | Pan      | Got a dark rune of Zot
 85043 | Pan      | Took an exit into the Abyss.
 85043 | Abyss:1  | Escaped into the Abyss
 85083 | Abyss:1  | Got a shimmering turquoise ring
 85104 | Abyss:1  | Paralysed by accursed screaming for 1 turns
 85212 | Depths:3 | Escaped the Abyss
 85293 | Hell     | Entered the Vestibule of Hell
 85293 | Hell     | Noticed Geryon
 85303 | Hell     | Killed Geryon
 85305 | Hell     | Noticed Murray
 85323 | Depths:2 | Killed Murray
 85484 | Hell     | Reached skill level 15 in Armour
 85552 | Hell     | Found a gateway to the North Pole.
 85593 | Nor:1    | Entered Level 1 of the North Pole
 86147 | Nor:7    | Entered Level 7 of the North Pole
 86174 | Nor:7    | Reached skill level 24 in Spellcasting
 86540 | Nor:7    | Noticed Antaeus
 86560 | Nor:7    | Killed Antaeus
 86585 | Nor:7    | Got an icy rune of Zot
 86775 | Hell     | Identified the ring of Ifesegem {Ice -Tele rElec rPois Int+2} (You found it on level 1 of the Abyss)
 86791 | Zig:1    | Entered Level 1 of a ziggurat
 86811 | Zig:2    | Entered Level 2 of a ziggurat
 86837 | Zig:3    | Entered Level 3 of a ziggurat
 86857 | Zig:4    | Entered Level 4 of a ziggurat
 86883 | Zig:5    | Entered Level 5 of a ziggurat
 86927 | Zig:6    | Entered Level 6 of a ziggurat
 87045 | Zig:7    | Entered Level 7 of a ziggurat
 87064 | Zig:7    | Identified the Grimoire of Poisonous Shape Shifting
 87075 | Zig:8    | Entered Level 8 of a ziggurat
 87114 | Zig:9    | Entered Level 9 of a ziggurat
 87176 | Zig:10   | Entered Level 10 of a ziggurat
 87291 | Zig:11   | Entered Level 11 of a ziggurat
 87333 | Zig:11   | Identified a +5 rod of ignition (12/12) (You found it on level 11 of a ziggurat)
 87363 | Zig:12   | Entered Level 12 of a ziggurat
 87395 | Zig:12   | Got a faintly glowing graven amulet
 87397 | Zig:12   | Got a sparkling amber ring
 87401 | Zig:12   | Identified the cursed ring "Woazulen" {rElec rC+ Int-3} (You found it on level 12 of a ziggurat)
 87423 | Zig:12   | Gained mutation: You have sharp toenails. [potion of mutation]
 87423 | Zig:12   | Gained mutation: Your spells are a little harder to cast, but a little more powerful. [potion of mutation]
 87423 | Zig:12   | Gained mutation: You are robust (+10% HP). [potion of mutation]
 87465 | Zig:13   | Entered Level 13 of a ziggurat
 87493 | Zig:13   | Got a shimmering wooden ring
 87496 | Zig:13   | Identified the ring "Lerig" {SustAt rC+ rN+ MR+ MP+9} (You found it on level 13 of a ziggurat)
 87497 | Zig:13   | Identified the amulet "Evueloux" {Dismiss rN+} (You found it on level 12 of a ziggurat)
 87510 | Zig:13   | Got a brightly glowing glass ring
 87511 | Zig:13   | Identified the ring of Jixziul {MP+9 Int+2} (You found it on level 13 of a ziggurat)
 87529 | Zig:14   | Entered Level 14 of a ziggurat
 87580 | Zig:14   | Got a spiked hat
 87587 | Zig:14   | Identified the +2 hat of Ocwais {Str+4} (You found it on level 14 of a ziggurat)
 87597 | Zig:14   | Identified Sif Muna's Tome of Transformation and the Oath
 87602 | Zig:14   | Identified the Papyrus of the Earthen Traveller
 87726 | Zig:15   | Entered Level 15 of a ziggurat
 87759 | Zig:15   | Identified the Papyrus of Summoning
 87764 | Zig:16   | Entered Level 16 of a ziggurat
 87856 | Zig:17   | Entered Level 17 of a ziggurat
 87889 | Zig:17   | Got a slimy platinum amulet
 87894 | Zig:17   | Identified the Papyrus of the Lethal Blaze (You found it on level 17 of a ziggurat)
 87973 | Zig:18   | Entered Level 18 of a ziggurat
 87984 | Zig:18   | Noticed an ancient lich
 87987 | Zig:18   | Noticed an ancient lich
 87988 | Zig:18   | Killed an ancient lich
 88006 | Zig:18   | Killed an ancient lich
 88024 | Zig:18   | Identified the amulet of Bockyav {Harm *Drain +Inv} (You found it on level 17 of a ziggurat)
 88033 | Zig:18   | Got a pair of jewelled gloves
 88044 | Zig:18   | Identified the +0 pair of gloves of the Desert {rC- MP+9 Int+4 Dex+7} (You acquired it on level 18 of a ziggurat)
 88066 | Zig:18   | Identified the Collected Works on Transmutation and Venom (You found it on level 18 of a ziggurat)
 88091 | Zig:19   | Entered Level 19 of a ziggurat
 88155 | Zig:19   | Got a pair of spiked gloves
 88166 | Zig:19   | Identified the +2 pair of gloves of Card Tricks {Dex+2 Slay+2} (You found it on level 19 of a ziggurat)
 88194 | Zig:20   | Entered Level 20 of a ziggurat
 88256 | Zig:20   | Got a scorched golden amulet
 88257 | Zig:20   | Identified the amulet of the Turtle {Gourm rC+ SInv} (You found it on level 20 of a ziggurat)
 88260 | Zig:20   | Got a heavily runed wooden ring
 88262 | Zig:20   | Identified the ring of Sekhletz {rPois rC+ Int-4 Slay+2 SInv} (You found it on level 20 of a ziggurat)
 88267 | Zig:20   | Got a brightly glowing ivory ring
 88269 | Zig:20   | Identified the ring of Holameg {+/*Tele rElec rPois} (You found it on level 20 of a ziggurat)
 88309 | Zig:21   | Entered Level 21 of a ziggurat
 88316 | Zig:21   | Noticed an ancient lich
 88319 | Zig:21   | Noticed an ancient lich
 88324 | Zig:21   | Killed an ancient lich
 88326 | Zig:21   | Killed an ancient lich
 88351 | Zig:21   | Got a faintly glowing pewter amulet
 88358 | Zig:21   | Identified Fulet's Collected Works on Curses
 88378 | Zig:21   | Gained mutation: Your mind is acute. (Int +2) [potion of beneficial mutation]
 88379 | Zig:21   | Gained mutation: You are somewhat resistant to further mutation. [potion of beneficial mutation]
 88380 | Zig:21   | Lost mutation: You are robust (+10% HP). [potion of cure mutation]
 88380 | Zig:21   | Lost mutation: You have sharp toenails. [potion of cure mutation]
 88380 | Zig:21   | Lost mutation: You are somewhat resistant to further mutation. [potion of cure mutation]
 88423 | Zig:21   | Learned a level 9 spell: Shatter
 88427 | Zig:22   | Entered Level 22 of a ziggurat
 88437 | Zig:22   | Noticed Gyokoac the pandemonium lord
 88444 | Zig:22   | Killed Gyokoac the pandemonium lord
 88469 | Zig:22   | Got a bound steel ring
 88471 | Zig:22   | Identified the ring "Qaluasimo" {Int+4 Dex+3} (You found it on level 22 of a ziggurat)
 88476 | Zig:22   | Got a glittering golden amulet
 88491 | Zig:23   | Entered Level 23 of a ziggurat
 88502 | Zig:23   | Noticed Topaxaer the pandemonium lord
 88505 | Zig:23   | Reached skill level 25 in Spellcasting
 88507 | Zig:23   | Killed Topaxaer the pandemonium lord
 88542 | Zig:23   | Gained mutation: You have large cloven feet. [potion of beneficial mutation]
 88556 | Zig:23   | Got a shimmering leather armour
 88557 | Zig:23   | Identified the +1 leather armour "Japsokav" {rPois Str+2 Dex-4 SInv} (You found it on level 23 of a ziggurat)
 88558 | Zig:23   | Identified the amulet "Okkuor" {Faith +Inv rF+} (You found it on level 22 of a ziggurat)
 88592 | Zig:24   | Entered Level 24 of a ziggurat
 88605 | Zig:24   | Noticed Doclotoan the pandemonium lord
 88611 | Zig:24   | Noticed Ripnosh the pandemonium lord
 88626 | Zig:24   | Noticed Wanaoplo the pandemonium lord
 88627 | Zig:24   | Killed Doclotoan the pandemonium lord
 88631 | Zig:24   | Noticed Nad Jotif the pandemonium lord
 88632 | Zig:24   | Noticed Leozilis the pandemonium lord
 88634 | Zig:24   | Noticed Kenlu the pandemonium lord
 88635 | Zig:24   | Noticed Bolufihu the pandemonium lord
 88635 | Zig:24   | Killed Ripnosh the pandemonium lord
 88635 | Zig:24   | Killed Wanaoplo the pandemonium lord
 88636 | Zig:24   | Noticed Tugroq Pemi the pandemonium lord
 88637 | Zig:24   | Killed Leozilis the pandemonium lord
 88639 | Zig:24   | Noticed Poyninoi the pandemonium lord
 88639 | Zig:24   | Noticed Qunoq the pandemonium lord
 88640 | Zig:24   | Noticed Tulo the pandemonium lord
 88641 | Zig:24   | Killed Nad Jotif the pandemonium lord
 88641 | Zig:24   | Killed Kenlu the pandemonium lord
 88642 | Zig:24   | Killed Bolufihu the pandemonium lord
 88643 | Zig:24   | Noticed Rol Zet the pandemonium lord
 88643 | Zig:24   | Killed Qunoq the pandemonium lord
 88643 | Zig:24   | Killed Poyninoi the pandemonium lord
 88643 | Zig:24   | Killed Tugroq Pemi the pandemonium lord
 88648 | Zig:24   | Noticed Qoycwoh the pandemonium lord
 88648 | Zig:24   | Killed Tulo the pandemonium lord
 88659 | Zig:24   | Noticed Osmem the pandemonium lord
 88662 | Zig:24   | Killed Rol Zet the pandemonium lord
 88673 | Zig:24   | Noticed Soedwofu the pandemonium lord
 88686 | Zig:24   | Killed Soedwofu the pandemonium lord
 88713 | Zig:24   | Killed Qoycwoh the pandemonium lord
 88715 | Zig:24   | Killed Osmem the pandemonium lord
 88738 | Zig:24   | Got a clouded glass ring
 88742 | Zig:24   | Identified the ring "Duvanyaj" {Wiz +Fly rN++ MP+9 Dex-4} (You found it on level 24 of a ziggurat)
 88787 | Zig:25   | Entered Level 25 of a ziggurat
 88895 | Zig:25   | Identified the Almanac of Summoning (You found it on level 25 of a ziggurat)
 89107 | Zig:26   | Entered Level 26 of a ziggurat
 89139 | Zig:26   | Got a twitching turquoise ring
 89147 | Zig:26   | Identified the ring "Mikomenetz" {Fragile +Blink MP+9 Stlth-} (You found it on level 26 of a ziggurat)
 89154 | Zig:26   | Identified Gigiduir's Collected Works on the Voyage and Companions
 89177 | Zig:26   | Got a faintly glowing short sword
 89203 | Zig:27   | Entered Level 27 of a ziggurat
 89229 | Zig:27   | Reached skill level 26 in Spellcasting
 89320 | Zig:27   | Identified a +4 rod of inaccuracy (10/10) (You found it on level 27 of a ziggurat)
 89324 | Zig:27   | Got a brightly glowing ivory amulet
 89325 | Zig:27   | Identified the amulet "Ilaxuz" {+Rage rElec Dex+6 Slay+2} (You found it on level 27 of a ziggurat)
 89333 | Zig:27   | Got a heavily runed platinum amulet
 89336 | Zig:27   | Got a coiled diamond amulet
 89340 | Zig:27   | Identified the amulet "Apsus" {+Rage rPois rF+} (You found it on level 27 of a ziggurat)
 89342 | Zig:27   | Identified the amulet of Ket Xaxt {+Rage Int+7} (You found it on level 27 of a ziggurat)
 89351 | Zig:27   | Got a steaming bronze amulet
 89368 | Zig:27   | Identified the amulet of Miopsuma {Faith rC+} (You found it on level 27 of a ziggurat)
 89375 | Zig:27   | Identified Utih's Handbook of Bewitchment
 89436 | Hell     | Reached skill level 15 in Evocations
 89911 | Zig:1    | Entered Level 1 of a ziggurat
 89917 | Zig:1    | Reached skill level 1 in Axes
 89933 | Zig:2    | Entered Level 2 of a ziggurat
 89938 | Zig:2    | Reached skill level 5 in Shields
 89963 | Zig:3    | Entered Level 3 of a ziggurat
 90001 | Zig:4    | Entered Level 4 of a ziggurat
 90026 | Zig:5    | Entered Level 5 of a ziggurat
 90063 | Zig:6    | Entered Level 6 of a ziggurat
 90084 | Zig:6    | Identified The Foundations of Casting
 90093 | Zig:7    | Entered Level 7 of a ziggurat
 90114 | Zig:7    | Got a shimmering lead amulet
 90123 | Zig:8    | Entered Level 8 of a ziggurat
 90130 | Zig:8    | Reached skill level 5 in Axes
 90165 | Zig:9    | Entered Level 9 of a ziggurat
 90172 | Zig:9    | Noticed Ynelaofro the pandemonium lord
 90182 | Zig:9    | Killed Ynelaofro the pandemonium lord
 90196 | Zig:9    | Identified the Papyrus of Stolen Souls and Heat
 90212 | Zig:10   | Entered Level 10 of a ziggurat
 90299 | Zig:11   | Entered Level 11 of a ziggurat
 90349 | Zig:11   | Got a brightly glowing fire dragon armour
 90350 | Zig:11   | Identified the cursed +1 fire dragon armour of the Griffon {rF++ rC- Dex+3} (You found it on level 11 of a ziggurat)
 90359 | Zig:11   | Got a heavily runed lead ring
 90361 | Zig:11   | Identified the ring "Fuiqu" {rPois MP+9} (You found it on level 11 of a ziggurat)
 90369 | Zig:11   | Got a shimmering turquoise ring
 90371 | Zig:11   | Identified the ring of Zofoprun {Str+2 Stlth-} (You found it on level 11 of a ziggurat)
 90387 | Zig:12   | Entered Level 12 of a ziggurat
 90460 | Zig:13   | Entered Level 13 of a ziggurat
 90566 | Zig:13   | Identified the Handbook of Talismans and Weightlessness (You found it on level 13 of a ziggurat)
 90574 | Zig:13   | Got a flickering wooden ring
 90577 | Zig:13   | Identified the ring "Qyejeupp" {rPois Stlth+} (You found it on level 13 of a ziggurat)
 90583 | Zig:14   | Entered Level 14 of a ziggurat
 90597 | Zig:14   | Reached skill level 1 in Earth Magic
 90625 | Zig:14   | Got a transparent copper ring
 90628 | Zig:14   | Identified the ring "Ofak" {+Fly rElec Str+3 Int+4 Dex+3} (You found it on level 14 of a ziggurat)
 90634 | Zig:15   | Entered Level 15 of a ziggurat
 90642 | Zig:15   | Reached skill level 10 in Axes
 90684 | Zig:15   | Got a pair of translucent gloves
 90696 | Zig:15   | Identified the +1 pair of gloves "Foadiq" {Str+4} (You found it on level 15 of a ziggurat)
 90727 | Zig:16   | Entered Level 16 of a ziggurat
 90798 | Zig:16   | Identified Sif Muna's Last Handbook of the Archmage
 90811 | Zig:17   | Entered Level 17 of a ziggurat
 90823 | Zig:17   | Reached skill level 5 in Earth Magic
 90847 | Zig:17   | Got a fine cloak
 90858 | Zig:17   | Identified the +0 cloak of Xom's Hatred {*Corrode rElec Dex+8 Slay+4} (You found it on level 17 of a ziggurat)
 90877 | Zig:17   | Identified the Guide on the Frostbite and the Entourage
 90884 | Zig:17   | Identified the Handbook of Necromancy
 90892 | Zig:17   | Got a coiled platinum amulet
 90898 | Zig:18   | Entered Level 18 of a ziggurat
 90903 | Zig:18   | Noticed an orb of fire
 90904 | Zig:18   | Noticed an orb of fire
 90905 | Zig:18   | Noticed an orb of fire
 90905 | Zig:18   | Noticed an orb of fire
 90906 | Zig:18   | Noticed an orb of fire
 90906 | Zig:18   | Noticed an orb of fire
 90906 | Zig:18   | Noticed an orb of fire
 90906 | Zig:18   | Noticed an orb of fire
 90906 | Zig:18   | OOF fuel can't melt DieSel beams
 90906 | Zig:18   | Killed an orb of fire
 90907 | Zig:18   | Noticed an orb of fire
 90907 | Zig:18   | Killed an orb of fire
 90908 | Zig:18   | Noticed an orb of fire
 90908 | Zig:18   | Noticed an orb of fire
 90908 | Zig:18   | wtf thats a lot more oofs than i had on most 20+ zigs
 90908 | Zig:18   | oof
 90908 | Zig:18   | Killed an orb of fire
 90908 | Zig:18   | Killed an orb of fire
 90909 | Zig:18   | Killed an orb of fire
 90910 | Zig:18   | Killed an orb of fire
 90910 | Zig:18   | Killed an orb of fire
 90910 | Zig:18   | Killed an orb of fire
 90911 | Zig:18   | Killed an orb of fire
 90911 | Zig:18   | Killed an orb of fire
 90912 | Zig:18   | Killed an orb of fire
 90964 | Zig:19   | Entered Level 19 of a ziggurat
 91049 | Zig:19   | Cast into level 1 of the Abyss (drawing a card)
 91064 | Abyss:1  | Reached skill level 1 in Translocations
 91110 | Zig:19   | Escaped the Abyss
 91123 | Zig:20   | Entered Level 20 of a ziggurat
 91143 | Zig:20   | Reached skill level 15 in Axes
 91173 | Zig:20   | Identified the +10 short sword of Popular Demand {pierce, Str+3 Dex+5 Stlth-} (You found it on level 26 of a ziggurat)
 91177 | Zig:20   | Got a bloodstained scale mail
 91198 | Zig:21   | Entered Level 21 of a ziggurat
 91206 | Zig:21   | Reached skill level 5 in Translocations
 91277 | Zig:21   | Got an ichor-stained cloak
 91289 | Zig:21   | Identified the +4 cloak "Qaoh" {Dex+5} (You acquired it on level 21 of a ziggurat)
 91291 | Zig:21   | Got a crude crystal plate armour
 91302 | Zig:21   | Identified the +0 crystal plate armour "Cusmeab" {rN+ Stlth+} (You acquired it on level 21 of a ziggurat)
 91332 | Zig:22   | Entered Level 22 of a ziggurat
 91389 | Zig:22   | Reached skill level 10 in Translocations
 91462 | Zig:22   | Got a crude ivory ring
 91464 | Zig:22   | Identified the ring "Ciylef" {rPois Dex+4} (You found it on level 22 of a ziggurat)
 91478 | Zig:22   | Identified the Disquisition on Stolen Souls and Dislocation
 91482 | Zig:22   | Identified Efionwia's Collected Works on Confrontation
 91491 | Zig:22   | Learned a level 7 spell: Delayed Fireball
 91517 | Zig:23   | Entered Level 23 of a ziggurat
 91522 | Zig:23   | Noticed an ancient lich
 91523 | Zig:23   | Noticed an ancient lich
 91523 | Zig:23   | Noticed an ancient lich
 91524 | Zig:23   | Noticed an ancient lich
 91526 | Zig:23   | Noticed an ancient lich
 91526 | Zig:23   | Killed an ancient lich
 91527 | Zig:23   | Noticed an ancient lich
 91527 | Zig:23   | Killed an ancient lich
 91528 | Zig:23   | Killed an ancient lich
 91528 | Zig:23   | Killed an ancient lich
 91529 | Zig:23   | Killed an ancient lich
 91530 | Zig:23   | Noticed an ancient lich
 91536 | Zig:23   | Killed an ancient lich
 91547 | Zig:23   | Killed an ancient lich
 91608 | Zig:24   | Entered Level 24 of a ziggurat
 91631 | Zig:24   | Reached skill level 15 in Translocations
 91777 | Zig:25   | Entered Level 25 of a ziggurat
 91790 | Zig:25   | Reached skill level 10 in Earth Magic
 91872 | Zig:25   | Gained mutation: You are agile. (Dex +2) [potion of beneficial mutation]
 91882 | Zig:25   | Reached skill level 15 in Earth Magic
 91889 | Zig:25   | Got a flickering amber ring
 91890 | Zig:25   | Identified the ring of Namp {+/*Tele rF+ MP+9 Dex+3 Slay+3} (You found it on level 25 of a ziggurat)
 91893 | Zig:25   | Got a faintly glowing brass ring
 91894 | Zig:25   | Identified the ring "Bebol" {MR+ EV+3 Dex+3} (You found it on level 25 of a ziggurat)
 91906 | Zig:25   | Identified Erugrut's Compendium of the Mountains
 91911 | Zig:26   | Entered Level 26 of a ziggurat
 92017 | Zig:27   | Entered Level 27 of a ziggurat
 92061 | Zig:27   | Identified the Handbook of the Traveller
 92065 | Zig:27   | Identified Daheilos's Tome of Talismans
 92120 | Hell     | Reached skill level 1 in Short Blades
 92157 | Hell     | Found a gateway to the ashen valley of Gehenna.
 92183 | Geh:1    | Entered Level 1 of Gehenna
 92303 | Geh:2    | Reached skill level 5 in Short Blades
 92370 | Geh:3    | You fall through a shaft for 3 floors!
 92373 | Geh:7    | Entered Level 7 of Gehenna
 92380 | Geh:7    | Noticed herpmino's ghost (legendary FoFi)
 92391 | Geh:7    | Killed herpmino's ghost
 92412 | Geh:7    | that was totally not suicidal at all
 92584 | Geh:7    | Reached skill level 10 in Short Blades
 92760 | Geh:7    | Noticed Asmodeus
 92775 | Geh:7    | Killed Asmodeus
 92784 | Geh:7    | Got an obsidian rune of Zot
 93089 | Hell     | Found a gateway to the Iron City of Dis.
 93191 | Hell     | Found a gateway to the decaying netherworld of Tartarus.
 93297 | Dis:1    | Entered Level 1 of the Iron City of Dis
 93464 | Dis:3    | Found a huge runed gate.
 93464 | Dis:3    | Found a huge runed gate.
 93464 | Dis:3    | Found a huge runed gate.
 93464 | Dis:3    | Found a huge runed gate.
 93568 | Dis:7    | Entered Level 7 of the Iron City of Dis
 93648 | Dis:7    | Reached skill level 15 in Short Blades
 93833 | Dis:7    | Got a twitching golden amulet
 93834 | Dis:7    | Identified the amulet "Maroedoc" {Reflect -Tele rC+ rN++ SH+5 SInv} (You found it on level 7 of the Iron City of Dis)
 93858 | Dis:7    | Got a bronze plate armour
 93872 | Dis:7    | Drew Focus: Int increased to 25, Str decreased to 11
 93930 | Dis:7    | Got an iron rune of Zot
 93943 | Dis:7    | Noticed Dispater
 93945 | Dis:7    | Noticed the Serpent of Hell
 93954 | Dis:7    | Dispater is caught in the net!
 93957 | Dis:7    | Killed Dispater
 93958 | Dis:7    | yeah
 93958 | Dis:7    | that worked pretty well
 93972 | Dis:7    | Killed the Serpent of Hell
 94130 | Tar:1    | Entered Level 1 of Tartarus
 94229 | Tar:5    | Identified the cursed +0 plate armour of Buggu {Int+4 Slay+5} (You found it on level 7 of the Iron City of Dis)
 94355 | Tar:6    | Found a huge runed gate.
 94356 | Tar:6    | Found a huge runed gate.
 94357 | Tar:6    | Found a huge runed gate.
 94358 | Tar:6    | Found a huge runed gate.
 94359 | Tar:6    | Found a huge runed gate.
 94359 | Tar:6    | Found a huge runed gate.
 94359 | Tar:6    | Found a huge runed gate.
 94360 | Tar:6    | Found a huge runed gate.
 94360 | Tar:6    | Found a huge runed gate.
 94368 | Tar:6    | Noticed an ancient lich
 94369 | Tar:6    | Killed an ancient lich
 94381 | Tar:7    | Entered Level 7 of Tartarus
 94416 | Tar:7    | Got a smoking brass ring
 94418 | Tar:7    | Identified the ring of Reimbursement {rF++ Str+8 Int+2} (You found it on level 7 of Tartarus)
 94615 | Tar:7    | Noticed an ancient lich
 94621 | Tar:7    | Killed an ancient lich
 94653 | Tar:7    | Got a faintly glowing lead ring
 94655 | Tar:7    | Identified the ring of Xom's Fair Game {Int+4 Dex+5} (You found it on level 7 of Tartarus)
 94674 | Tar:7    | Identified the Guide on Transmutation and Venom
 94776 | Tar:7    | Identified Uguratoxu's Collected Works on Black Magic and Clay
 94848 | Tar:7    | Noticed Ereshkigal
 94855 | Tar:7    | Killed Ereshkigal
 94872 | Tar:7    | Got a bone rune of Zot
 94887 | Tar:7    | ""now go and win""
 95027 | Zig:1    | Entered Level 1 of a ziggurat
 95051 | Zig:2    | Entered Level 2 of a ziggurat
 95079 | Zig:3    | Entered Level 3 of a ziggurat
 95103 | Zig:3    | Got a pair of spiked gloves
 95114 | Zig:3    | Identified the +1 pair of gloves of the North Pole {rF+ Regen+ rCorr Slay+3} (You found it on level 3 of a ziggurat)
 95116 | Zig:4    | Entered Level 4 of a ziggurat
 95178 | Zig:4    | Drew Focus: Int increased to 26, Str decreased to 10
 95179 | Zig:4    | Hired Achint Guthra the deep elf blademaster for 2661 gold.
 95183 | Zig:5    | Entered Level 5 of a ziggurat
 95246 | Zig:6    | Entered Level 6 of a ziggurat
 95288 | Zig:6    | Identified the Disquisition on Curses
 95294 | Zig:6    | Identified the Guide on Noxious Attacks
 95298 | Zig:6    | Identified the Grimoire of Attacks
 95306 | Zig:7    | Entered Level 7 of a ziggurat
 95310 | Zig:7    | Noticed Bieckico the pandemonium lord
 95314 | Zig:7    | Noticed Tufoummi the pandemonium lord
 95314 | Zig:7    | Noticed Zeyrosid the pandemonium lord
 95314 | Zig:7    | Killed Bieckico the pandemonium lord
 95318 | Zig:7    | Killed Tufoummi the pandemonium lord
 95328 | Zig:7    | Killed Zeyrosid the pandemonium lord
 95399 | Zig:7    | Gained mutation: Scrolls take you a little longer to read. [mutagenic meat]
 95401 | Zig:7    | Gained mutation: You occasionally shout uncontrollably at your foes. [mutagenic meat]
 95402 | Zig:7    | Gained mutation: Armour fits poorly on your strangely shaped body. [mutagenic meat]
 95403 | Zig:7    | Gained mutation: You have very sharp teeth. [mutagenic meat]
 95404 | Zig:7    | Lost mutation: You have large cloven feet. [mutagenic meat]
 95405 | Zig:7    | Lost mutation: You are agile. (Dex +2) [mutagenic meat]
 95406 | Zig:7    | Gained mutation: Your spells are harder to cast, but more powerful. [mutagenic meat]
 95407 | Zig:7    | Lost mutation: You have very sharp teeth. [mutagenic meat]
 95408 | Zig:7    | Lost mutation: Your mind is acute. (Int +2) [mutagenic meat]
 95409 | Zig:7    | Gained mutation: You are dopey. (Int -2) [mutagenic meat]
 95410 | Zig:7    | Gained mutation: Scrolls take you longer to read. [mutagenic meat]
 95411 | Zig:7    | Gained mutation: You are very dopey. (Int -4) [mutagenic meat]
 95412 | Zig:7    | Gained mutation: You are agile. (Dex +2) [mutagenic meat]
 95413 | Zig:7    | Gained mutation: Scrolls take you much longer to read. [mutagenic meat]
 95414 | Zig:7    | Lost mutation: Armour fits poorly on your strangely shaped body. [mutagenic meat]
 95415 | Zig:7    | Gained mutation: You are occasionally teleported next to monsters. [mutagenic meat]
 95416 | Zig:7    | Lost mutation: Scrolls take you much longer to read. [mutagenic meat]
 95420 | Zig:7    | Gained mutation: You are very agile. (Dex +4) [mutagenic meat]
 95423 | Zig:7    | Gained mutation: Armour fits poorly on your strangely shaped body. [mutagenic meat]
 95428 | Zig:7    | Lost mutation: You are very dopey. (Int -4) [potion of cure mutation]
 95428 | Zig:7    | Lost mutation: You are dopey. (Int -2) [potion of cure mutation]
 95428 | Zig:7    | Lost mutation: Your spells are harder to cast, but more powerful. [potion of cure mutation]
 95429 | Zig:7    | Lost mutation: You occasionally shout uncontrollably at your foes. [potion of cure mutation]
 95429 | Zig:7    | Lost mutation: Scrolls take you longer to read. [potion of cure mutation]
 95429 | Zig:7    | Lost mutation: Armour fits poorly on your strangely shaped body. [potion of cure mutation]
 95430 | Zig:7    | Lost mutation: Scrolls take you a little longer to read. [potion of cure mutation]
 95430 | Zig:7    | Lost mutation: Your spells are a little harder to cast, but a little more powerful. [potion of cure mutation]
 95430 | Zig:7    | Lost mutation: You are very agile. (Dex +4) [potion of cure mutation]
 95430 | Zig:7    | Lost mutation: You are occasionally teleported next to monsters. [potion of cure mutation]
 95518 | Zig:8    | Entered Level 8 of a ziggurat
 95657 | Zig:9    | Entered Level 9 of a ziggurat
 95777 | Zig:10   | Entered Level 10 of a ziggurat
 95785 | Zig:10   | Reached skill level 27 in Short Blades
 95819 | Zig:10   | Got a twitching amber ring
 95820 | Zig:10   | Identified the ring "Ilol Ept" {rF+ Int+3 Dex+4 Stlth-} (You found it on level 10 of a ziggurat)
 95834 | Zig:11   | Entered Level 11 of a ziggurat
 95837 | Zig:11   | Noticed Qifad the pandemonium lord
 95837 | Zig:11   | Noticed Muadoj the pandemonium lord
 95837 | Zig:11   | Noticed Hetokh the pandemonium lord
 95837 | Zig:11   | Noticed Cuqy the pandemonium lord
 95837 | Zig:11   | Noticed Oned the pandemonium lord
 95840 | Zig:11   | Noticed Dydghouv the pandemonium lord
 95840 | Zig:11   | Killed Oned the pandemonium lord
 95840 | Zig:11   | Killed Qifad the pandemonium lord
 95841 | Zig:11   | Noticed Loun the pandemonium lord
 95841 | Zig:11   | Killed Hetokh the pandemonium lord
 95842 | Zig:11   | Killed Cuqy the pandemonium lord
 95843 | Zig:11   | Noticed Maposalu the pandemonium lord
 95843 | Zig:11   | Killed Muadoj the pandemonium lord
 95843 | Zig:11   | Killed Dydghouv the pandemonium lord
 95844 | Zig:11   | Killed Loun the pandemonium lord
 95851 | Zig:11   | Killed Maposalu the pandemonium lord
 95910 | Zig:11   | Upgraded the game from 0.18-a0-921-g28655ce to 0.18-a0-943-g2c08dd4
 95936 | Zig:11   | Gained mutation: Your mind is acute. (Int +2) [mutagenic meat]
 95937 | Zig:11   | Gained mutation: Scrolls take you a little longer to read. [mutagenic meat]
 95938 | Zig:11   | Gained mutation: You have sharp fingernails. [mutagenic meat]
 95940 | Zig:11   | Gained mutation: You can translocate small distances at will. [mutagenic meat]
 95941 | Zig:11   | Gained mutation: Your flesh is cold resistant. [mutagenic meat]
 95942 | Zig:11   | Gained mutation: Your muscles are strong. (Str +2) [mutagenic meat]
 95943 | Zig:11   | Lost mutation: You are agile. (Dex +2) [mutagenic meat]
 95944 | Zig:11   | Gained mutation: Your movements are slightly less encumbered by armour (ER -2). [mutagenic meat]
 95946 | Zig:11   | Gained mutation: You expend magic power (3 MP) to strengthen your wands. [mutagenic meat]
 95947 | Zig:11   | Lost mutation: Your muscles are strong. (Str +2) [mutagenic meat]
 95950 | Zig:11   | Gained mutation: Your mind is very acute. (Int +4) [mutagenic meat]
 95951 | Zig:11   | Lost mutation: Scrolls take you a little longer to read. [mutagenic meat]
 95952 | Zig:11   | Lost mutation: You expend magic power (3 MP) to strengthen your wands. [mutagenic meat]
 95953 | Zig:11   | Gained mutation: Your spells are a little easier to cast, but a little less powerful. [mutagenic meat]
 95954 | Zig:11   | Gained mutation: Your muscles are strong. (Str +2) [mutagenic meat]
 95958 | Zig:11   | Lost mutation: Your muscles are strong. (Str +2) [mutagenic meat]
 95959 | Zig:11   | Gained mutation: Your magical capacity is low (-10% MP). [mutagenic meat]
 95960 | Zig:11   | Lost mutation: Your magical capacity is low (-10% MP). [mutagenic meat]
 95961 | Zig:11   | Gained mutation: You are clumsy. (Dex -2) [mutagenic meat]
 95962 | Zig:11   | Gained mutation: Your flesh is very cold resistant. [mutagenic meat]
 95963 | Zig:11   | Gained mutation: You are very clumsy. (Dex -4) [mutagenic meat]
 95964 | Zig:11   | Lost mutation: Your mind is very acute. (Int +4) [mutagenic meat]
 95965 | Zig:11   | Lost mutation: Your mind is acute. (Int +2) [mutagenic meat]
 95966 | Zig:11   | Lost mutation: Your movements are slightly less encumbered by armour (ER -2). [potion of cure mutation]
 95966 | Zig:11   | Lost mutation: Your spells are a little easier to cast, but a little less powerful. [potion of cure mutation]
 95966 | Zig:11   | Lost mutation: You are very clumsy. (Dex -4) [potion of cure mutation]
 95966 | Zig:11   | Lost mutation: You are clumsy. (Dex -2) [potion of cure mutation]
 95966 | Zig:11   | Lost mutation: Your flesh is very cold resistant. [potion of cure mutation]
 96000 | Zig:12   | Entered Level 12 of a ziggurat
 96002 | Zig:12   | Noticed a juggernaut
 96003 | Zig:12   | Noticed a juggernaut
 96003 | Zig:12   | Noticed a juggernaut
 96004 | Zig:12   | Noticed a juggernaut
 96005 | Zig:12   | Noticed a juggernaut
 96005 | Zig:12   | Noticed a juggernaut
 96005 | Zig:12   | Killed a juggernaut
 96005 | Zig:12   | Killed a juggernaut
 96006 | Zig:12   | Killed a juggernaut
 96006 | Zig:12   | Killed a juggernaut
 96006 | Zig:12   | Killed a juggernaut
 96007 | Zig:12   | Killed a juggernaut
 96008 | Zig:12   | Noticed a juggernaut
 96008 | Zig:12   | Reached skill level 10 in Shields
 96009 | Zig:12   | Killed a juggernaut
 96009 | Zig:12   | Reached skill level 27 in Armour
 96010 | Zig:12   | Noticed a juggernaut
 96011 | Zig:12   | Killed a juggernaut
 96013 | Zig:12   | Noticed a juggernaut
 96019 | Zig:12   | Killed a juggernaut
 96058 | Zig:12   | Got a warped pewter ring
 96059 | Zig:12   | Identified the ring "Hufyrabb" {Dex+4 Slay+3} (You found it on level 12 of a ziggurat)
 96085 | Zig:13   | Entered Level 13 of a ziggurat
 96176 | Zig:13   | Noticed an ancient lich
 96177 | Zig:13   | Noticed an ancient lich
 96179 | Zig:13   | Killed an ancient lich
 96181 | Zig:13   | Killed an ancient lich
 96182 | Zig:13   | Noticed an ancient lich
 96182 | Zig:13   | Killed an ancient lich
 96227 | Zig:13   | Gained mutation: Your spells are a little harder to cast, but a little more powerful. [mutagenic meat]
 96240 | Zig:13   | Gained mutation: Your natural rate of healing is unusually fast. [mutagenic meat]
 96242 | Zig:13   | Gained mutation: Your magical capacity is low (-10% MP). [mutagenic meat]
 96243 | Zig:13   | Lost mutation: Your spells are a little harder to cast, but a little more powerful. [mutagenic meat]
 96245 | Zig:13   | Gained mutation: You are agile. (Dex +2) [mutagenic meat]
 96246 | Zig:13   | Gained mutation: Your muscles are strong. (Str +2) [mutagenic meat]
 96251 | Zig:13   | Lost mutation: Your natural rate of healing is unusually fast. [mutagenic meat]
 96261 | Zig:13   | Gained mutation: Your muscles are very strong. (Str +4) [potion of beneficial mutation]
 96289 | Zig:14   | Entered Level 14 of a ziggurat
 96345 | Zig:14   | Gained mutation: You are robust (+10% HP). [mutagenic meat]
 96346 | Zig:14   | Gained mutation: Your natural rate of healing is unusually fast. [mutagenic meat]
 96347 | Zig:14   | Lost mutation: You are robust (+10% HP). [mutagenic meat]
 96349 | Zig:14   | Gained mutation: Armour fits poorly on your strangely shaped body. [mutagenic meat]
 96351 | Zig:14   | Gained mutation: Your spells are a little harder to cast, but a little more powerful. [mutagenic meat]
 96353 | Zig:14   | Gained mutation: Your body sometimes deteriorates upon taking damage. [mutagenic meat]
 96354 | Zig:14   | Gained mutation: Your flesh is heat resistant. [mutagenic meat]
 96355 | Zig:14   | Lost mutation: Your flesh is cold resistant. [mutagenic meat]
 96357 | Zig:14   | Lost mutation: Armour fits poorly on your strangely shaped body. [mutagenic meat]
 96359 | Zig:14   | Gained mutation: Your mind is acute. (Int +2) [mutagenic meat]
 96361 | Zig:14   | Lost mutation: Your muscles are very strong. (Str +4) [potion of cure mutation]
 96361 | Zig:14   | Lost mutation: You are agile. (Dex +2) [potion of cure mutation]
 96361 | Zig:14   | Lost mutation: Your muscles are strong. (Str +2) [potion of cure mutation]
 96361 | Zig:14   | Lost mutation: Your flesh is heat resistant. [potion of cure mutation]
 96362 | Zig:14   | Lost mutation: Your mind is acute. (Int +2) [potion of cure mutation]
 96362 | Zig:14   | Lost mutation: You can translocate small distances at will. [potion of cure mutation]
 96362 | Zig:14   | Lost mutation: Your spells are a little harder to cast, but a little more powerful. [potion of cure mutation]
 96362 | Zig:14   | Lost mutation: Your body sometimes deteriorates upon taking damage. [potion of cure mutation]
 96362 | Zig:14   | Lost mutation: You have sharp fingernails. [potion of cure mutation]
 96362 | Zig:14   | Lost mutation: Your magical capacity is low (-10% MP). [potion of cure mutation]
 96422 | Zig:15   | Entered Level 15 of a ziggurat
 96425 | Zig:15   | Noticed Plog the pandemonium lord
 96425 | Zig:15   | Noticed Vatwoq the pandemonium lord
 96425 | Zig:15   | Noticed Ronwul the pandemonium lord
 96425 | Zig:15   | Noticed Niedeest the pandemonium lord
 96426 | Zig:15   | Noticed Koosoadeyv the pandemonium lord
 96428 | Zig:15   | Noticed Ecvuiceyci the pandemonium lord
 96428 | Zig:15   | Noticed Aqeg the pandemonium lord
 96428 | Zig:15   | Killed Plog the pandemonium lord
 96428 | Zig:15   | Killed Niedeest the pandemonium lord
 96428 | Zig:15   | Reached skill level 27 in Fighting
 96429 | Zig:15   | Noticed Niecia the pandemonium lord
 96429 | Zig:15   | Noticed Qyfacan the pandemonium lord
 96429 | Zig:15   | Killed Koosoadeyv the pandemonium lord
 96430 | Zig:15   | Noticed Jelej the pandemonium lord
 96430 | Zig:15   | Noticed Tet Jolu the pandemonium lord
 96430 | Zig:15   | Reached skill level 15 in Shields
 96430 | Zig:15   | Killed Vatwoq the pandemonium lord
 96430 | Zig:15   | Killed Aqeg the pandemonium lord
 96430 | Zig:15   | Killed Niecia the pandemonium lord
 96431 | Zig:15   | Noticed Daureko the pandemonium lord
 96431 | Zig:15   | Killed Ronwul the pandemonium lord
 96432 | Zig:15   | Noticed Liycat the pandemonium lord
 96432 | Zig:15   | Noticed Inisuuf the pandemonium lord
 96432 | Zig:15   | Killed Ecvuiceyci the pandemonium lord
 96432 | Zig:15   | Killed Qyfacan the pandemonium lord
 96433 | Zig:15   | Noticed Gyntuno the pandemonium lord
 96433 | Zig:15   | Killed Daureko the pandemonium lord
 96433 | Zig:15   | Killed Inisuuf the pandemonium lord
 96434 | Zig:15   | Noticed Tabraib the pandemonium lord
 96434 | Zig:15   | Noticed Jisseocs the pandemonium lord
 96434 | Zig:15   | Killed Jelej the pandemonium lord
 96435 | Zig:15   | Noticed Hojopp the pandemonium lord
 96438 | Zig:15   | Killed Tet Jolu the pandemonium lord
 96439 | Zig:15   | Killed Gyntuno the pandemonium lord
 96444 | Zig:15   | Killed Liycat the pandemonium lord
 96445 | Zig:15   | Noticed Yseviuto the pandemonium lord
 96445 | Zig:15   | Killed Tabraib the pandemonium lord
 96446 | Zig:15   | Killed Jisseocs the pandemonium lord
 96447 | Zig:15   | Noticed Huonetea the pandemonium lord
 96447 | Zig:15   | Noticed Kaotale the pandemonium lord
 96451 | Zig:15   | Killed Hojopp the pandemonium lord
 96451 | Zig:15   | Paralysed by you for 6 turns
 96463 | Zig:15   | Killed Kaotale the pandemonium lord
 96468 | Zig:15   | Killed Huonetea the pandemonium lord
 96473 | Zig:15   | Killed Yseviuto the pandemonium lord
 96556 | Zig:15   | Gained mutation: You evolve. [mutagenic meat]
 96557 | Zig:15   | Gained mutation: You are robust (+10% HP). [mutagenic meat]
 96558 | Zig:15   | Gained mutation: Your magical capacity is low (-10% MP). [mutagenic meat]
 96561 | Zig:15   | Gained mutation: You have a beak for a mouth. [mutagenic meat]
 96563 | Zig:15   | Gained mutation: You are weak. (Str -2) [mutagenic meat]
 96566 | Zig:15   | Gained mutation: Your mind is acute. (Int +2) [mutagenic meat]
 96568 | Zig:15   | Gained mutation: You are resistant to hostile enchantments. [mutagenic meat]
 96569 | Zig:15   | Gained mutation: You are very weak. (Str -4) [mutagenic meat]
 96571 | Zig:15   | Lost mutation: Your natural rate of healing is unusually fast. [mutagenic meat]
 96572 | Zig:15   | Lost mutation: Your mind is acute. (Int +2) [mutagenic meat]
 96573 | Zig:15   | Lost mutation: You evolve. [mutagenic meat]
 96576 | Zig:15   | Gained mutation: You tend to lose your temper in combat. [mutagenic meat]
 96577 | Zig:15   | Gained mutation: You regenerate slowly when monsters are visible. [mutagenic meat]
 96578 | Zig:15   | Gained mutation: You evolve. [mutagenic meat]
 96580 | Zig:15   | Gained mutation: You are agile. (Dex +2) [mutagenic meat]
 96582 | Zig:15   | Lost mutation: You are resistant to hostile enchantments. [mutagenic meat]
 96584 | Zig:15   | Gained mutation: You rapidly evolve. [mutagenic meat]
 96587 | Zig:15   | Gained mutation: Your spells are a little easier to cast, but a little less powerful. [mutagenic meat]
 96589 | Zig:15   | Lost mutation: You are very weak. (Str -4) [mutagenic meat]
 96590 | Zig:15   | Gained mutation: You are very agile. (Dex +4) [mutagenic meat]
 96591 | Zig:15   | Lost mutation: You are weak. (Str -2) [mutagenic meat]
 96592 | Zig:15   | Lost mutation: Your magical capacity is low (-10% MP). [mutagenic meat]
 96595 | Zig:15   | Lost mutation: You rapidly evolve. [mutagenic meat]
 96599 | Zig:15   | Gained mutation: You occasionally shout uncontrollably at your foes. [mutagenic meat]
 96600 | Zig:15   | Lost mutation: You regenerate slowly when monsters are visible. [mutagenic meat]
 96601 | Zig:15   | Lost mutation: You are very agile. (Dex +4) [mutagenic meat]
 96608 | Zig:15   | Lost mutation: You have a beak for a mouth. [mutagenic meat]
 96609 | Zig:15   | Gained mutation: Your muscles are strong. (Str +2) [mutagenic meat]
 96612 | Zig:15   | Lost mutation: Your spells are a little easier to cast, but a little less powerful. [mutagenic meat]
 96613 | Zig:15   | Gained mutation: You are covered in fur (AC +1). [mutagenic meat]
 96614 | Zig:15   | Gained mutation: You have sharp toenails. [mutagenic meat]
 96615 | Zig:15   | Gained mutation: Your natural rate of healing is unusually fast. [mutagenic meat]
 96635 | Zig:15   | Got a pair of twisted boots
 96636 | Zig:15   | Identified the +0 pair of boots of Leapfrog {rF+ Int+8} (You found it on level 15 of a ziggurat)
 96664 | Zig:16   | Entered Level 16 of a ziggurat
 96667 | Zig:16   | Noticed Nemiudoe the pandemonium lord
 96667 | Zig:16   | Noticed Jedosoha the pandemonium lord
 96668 | Zig:16   | Noticed Goguep the pandemonium lord
 96668 | Zig:16   | Noticed Tisholet the pandemonium lord
 96668 | Zig:16   | Noticed Hauzila the pandemonium lord
 96670 | Zig:16   | Noticed Urchacw the pandemonium lord
 96670 | Zig:16   | Noticed Fooseuj the pandemonium lord
 96670 | Zig:16   | Killed Jedosoha the pandemonium lord
 96670 | Zig:16   | Killed Hauzila the pandemonium lord
 96671 | Zig:16   | Noticed Oqagrica the pandemonium lord
 96671 | Zig:16   | Noticed Ziat the pandemonium lord
 96671 | Zig:16   | Noticed Vauwaskurur the pandemonium lord
 96671 | Zig:16   | Noticed Docw the pandemonium lord
 96671 | Zig:16   | Noticed Gumur the pandemonium lord
 96671 | Zig:16   | Killed Nemiudoe the pandemonium lord
 96671 | Zig:16   | Killed Goguep the pandemonium lord
 96672 | Zig:16   | Noticed Teolyled the pandemonium lord
 96672 | Zig:16   | Noticed Ibucsule the pandemonium lord
 96673 | Zig:16   | Noticed Gireoloi the pandemonium lord
 96674 | Zig:16   | Noticed Eptuo the pandemonium lord
 96674 | Zig:16   | Noticed Run Cuik the pandemonium lord
 96674 | Zig:16   | Noticed Umyaloqo the pandemonium lord
 96674 | Zig:16   | Killed Fooseuj the pandemonium lord
 96674 | Zig:16   | Killed Tisholet the pandemonium lord
 96675 | Zig:16   | Noticed Zyzij the pandemonium lord
 96676 | Zig:16   | Killed Docw the pandemonium lord
 96676 | Zig:16   | Killed Ziat the pandemonium lord
 96677 | Zig:16   | Noticed Zozoewom the pandemonium lord
 96677 | Zig:16   | Killed Ibucsule the pandemonium lord
 96678 | Zig:16   | Killed Urchacw the pandemonium lord
 96678 | Zig:16   | Killed Oqagrica the pandemonium lord
 96678 | Zig:16   | Killed Teolyled the pandemonium lord
 96679 | Zig:16   | Killed Vauwaskurur the pandemonium lord
 96680 | Zig:16   | Noticed Qideo the pandemonium lord
 96680 | Zig:16   | Killed Run Cuik the pandemonium lord
 96680 | Zig:16   | Killed Gireoloi the pandemonium lord
 96680 | Zig:16   | Killed Umyaloqo the pandemonium lord
 96680 | Zig:16   | Killed Gumur the pandemonium lord
 96680 | Zig:16   | Killed Eptuo the pandemonium lord
 96681 | Zig:16   | Noticed Gitra the pandemonium lord
 96682 | Zig:16   | Noticed Cuicweushow the pandemonium lord
 96685 | Zig:16   | Killed Zyzij the pandemonium lord
 96687 | Zig:16   | Killed Zozoewom the pandemonium lord
 96693 | Zig:16   | Killed Qideo the pandemonium lord
 96707 | Zig:16   | Killed Cuicweushow the pandemonium lord
 96718 | Zig:16   | Killed Gitra the pandemonium lord
 96812 | Zig:16   | Gained mutation: Your system is resistant to poisons. [mutagenic meat]
 96813 | Zig:16   | Lost mutation: You are agile. (Dex +2) [mutagenic meat]
 96815 | Zig:16   | Gained mutation: You are covered in thick fur (AC +2). [mutagenic meat]
 96816 | Zig:16   | Gained mutation: Armour fits poorly on your strangely shaped body. [mutagenic meat]
 96817 | Zig:16   | Gained mutation: Scrolls take you a little longer to read. [mutagenic meat]
 96819 | Zig:16   | Gained mutation: Your magical capacity is low (-10% MP). [mutagenic meat]
 96820 | Zig:16   | Lost mutation: You are robust (+10% HP). [mutagenic meat]
 96822 | Zig:16   | Lost mutation: You tend to lose your temper in combat. [mutagenic meat]
 96823 | Zig:16   | Lost mutation: Your muscles are strong. (Str +2) [mutagenic meat]
 96825 | Zig:16   | Gained mutation: You rapidly evolve. [mutagenic meat]
 96829 | Zig:16   | Lost mutation: You have sharp toenails. [mutagenic meat]
 96830 | Zig:16   | Gained mutation: Your movements are slightly less encumbered by armour (ER -2). [mutagenic meat]
 96833 | Zig:16   | Lost mutation: You occasionally shout uncontrollably at your foes. [mutagenic meat]
 96835 | Zig:16   | Gained mutation: You are resistant to hostile enchantments. [mutagenic meat]
 96837 | Zig:16   | Gained mutation: You expend magic power (3 MP) to strengthen your wands. [mutagenic meat]
 96838 | Zig:16   | Gained mutation: Your flesh is heat resistant. [mutagenic meat]
 96841 | Zig:16   | Lost mutation: Your movements are slightly less encumbered by armour (ER -2). [mutagenic meat]
 96843 | Zig:16   | Lost mutation: You are resistant to hostile enchantments. [mutagenic meat]
 96844 | Zig:16   | Gained mutation: Scrolls take you longer to read. [mutagenic meat]
 96847 | Zig:16   | Gained mutation: Scrolls take you much longer to read. [mutagenic meat]
 96848 | Zig:16   | Lost mutation: You expend magic power (3 MP) to strengthen your wands. [mutagenic meat]
 96852 | Zig:16   | Lost mutation: You rapidly evolve. [mutagenic meat]
 96853 | Zig:16   | Lost mutation: Scrolls take you much longer to read. [mutagenic meat]
 96854 | Zig:16   | Gained mutation: Your mind is acute. (Int +2) [mutagenic meat]
 96855 | Zig:16   | Gained mutation: You have large cloven feet. [mutagenic meat]
 96859 | Zig:16   | Lost mutation: Scrolls take you longer to read. [mutagenic meat]
 96862 | Zig:16   | Lost mutation: Armour fits poorly on your strangely shaped body. [mutagenic meat]
 96863 | Zig:16   | Lost mutation: Your magical capacity is low (-10% MP). [mutagenic meat]
 96864 | Zig:16   | Gained mutation: You have hoof-like feet. [mutagenic meat]
 96867 | Zig:16   | Lost mutation: Your natural rate of healing is unusually fast. [mutagenic meat]
 96868 | Zig:16   | Gained mutation: Your spells are a little harder to cast, but a little more powerful. [mutagenic meat]
 96869 | Zig:16   | Gained mutation: You regenerate slowly when monsters are visible. [mutagenic meat]
 96870 | Zig:16   | Gained mutation: You are robust (+10% HP). [mutagenic meat]
 96872 | Zig:16   | Gained mutation: Armour fits poorly on your strangely shaped body. [mutagenic meat]
 96873 | Zig:16   | Lost mutation: You are robust (+10% HP). [mutagenic meat]
 96874 | Zig:16   | Lost mutation: Scrolls take you a little longer to read. [mutagenic meat]
 96875 | Zig:16   | Lost mutation: You evolve. [potion of cure mutation]
 96875 | Zig:16   | Lost mutation: You have hoof-like feet. [potion of cure mutation]
 96875 | Zig:16   | Lost mutation: Your mind is acute. (Int +2) [potion of cure mutation]
 96875 | Zig:16   | Lost mutation: Your spells are a little harder to cast, but a little more powerful. [potion of cure mutation]
 96876 | Zig:16   | Lost mutation: You regenerate slowly when monsters are visible. [potion of cure mutation]
 96876 | Zig:16   | Lost mutation: Armour fits poorly on your strangely shaped body. [potion of cure mutation]
 96876 | Zig:16   | Lost mutation: You have large cloven feet. [potion of cure mutation]
 96876 | Zig:16   | Lost mutation: Your system is resistant to poisons. [potion of cure mutation]
 96876 | Zig:16   | Lost mutation: Your flesh is heat resistant. [potion of cure mutation]
 96887 | Zig:16   | Got a pair of brightly glowing boots
 96888 | Zig:16   | Identified the +1 pair of boots of Yhelev {rElec MP+9 SInv} (You found it on level 16 of a ziggurat)
 96893 | Zig:16   | Identified the Compendium of Curses
 96900 | Zig:16   | Got a glittering platinum ring
 96901 | Zig:16   | Identified the ring of Zofiqem {Wiz SInv} (You found it on level 16 of a ziggurat)
 96910 | Zig:17   | Entered Level 17 of a ziggurat
 96932 | Zig:17   | Reached skill level 27 in Dodging
 96991 | Zig:17   | Got a flickering silver ring
 96994 | Zig:17   | Identified the ring "Ximnupha" {+Inv Int+3} (You found it on level 17 of a ziggurat)
 97117 | Zig:18   | Entered Level 18 of a ziggurat
 97198 | Zig:18   | Got a sparkling wooden ring
 97201 | Zig:18   | Identified the ring "Doezxixt" {rC+ Stlth+} (You found it on level 18 of a ziggurat)
 97204 | Zig:18   | Got a slimy platinum ring
 97205 | Zig:18   | Identified the ring of Icuropn {rF+ rN+ Stlth+} (You found it on level 18 of a ziggurat)
 97232 | Zig:18   | Identified the Volume of Transformation
 97236 | Zig:18   | Identified the Disquisition on the Voyage
 97247 | Zig:19   | Entered Level 19 of a ziggurat
 97299 | Zig:19   | Identified Notuwo's Tome of the Entourage and Dislocation
 97299 | Zig:19   | Got a steaming wooden ring
 97548 | Zig:20   | Entered Level 20 of a ziggurat
 97553 | Zig:20   | Noticed a juggernaut
 97556 | Zig:20   | Noticed a juggernaut
 97558 | Zig:20   | Killed a juggernaut
 97558 | Zig:20   | Reached skill level 27 in Shields
 97559 | Zig:20   | Noticed a juggernaut
 97560 | Zig:20   | Noticed a juggernaut
 97561 | Zig:20   | Killed a juggernaut
 97562 | Zig:20   | Noticed a juggernaut
 97562 | Zig:20   | Killed a juggernaut
 97562 | Zig:20   | Killed a juggernaut
 97563 | Zig:20   | Noticed a juggernaut
 97564 | Zig:20   | Noticed a juggernaut
 97566 | Zig:20   | Noticed a juggernaut
 97568 | Zig:20   | Noticed a juggernaut
 97569 | Zig:20   | Killed a juggernaut
 97571 | Zig:20   | Killed a juggernaut
 97573 | Zig:20   | Noticed a juggernaut
 97573 | Zig:20   | Killed a juggernaut
 97574 | Zig:20   | Killed a juggernaut
 97574 | Zig:20   | Killed a juggernaut
 97576 | Zig:20   | Killed a juggernaut
 97606 | Zig:20   | Got a coiled silver amulet
 97607 | Zig:20   | Identified the amulet of Dawn {Gourm rElec MP+9 Str+4 Int-4} (You found it on level 20 of a ziggurat)
 97608 | Zig:20   | Identified the ring "Duoby" {rN+ MR+ MP+9 Slay+3} (You found it on level 19 of a ziggurat)
 97612 | Zig:20   | Identified Sif Muna's Almanac of Evil
 97627 | Zig:20   | Got a serpentine marble ring
 97628 | Zig:20   | Identified the ring of Xutos {Str+4 SInv} (You found it on level 20 of a ziggurat)
 97642 | Zig:20   | Got a twitching lapis lazuli ring
 97643 | Zig:20   | Identified the ring "Xouhetu" {+/*Tele Int+3} (You found it on level 20 of a ziggurat)
 97647 | Zig:20   | Got a vibrating wooden ring
 97649 | Zig:20   | Identified the ring "Rutzel" {Fire MR+} (You found it on level 20 of a ziggurat)
 97652 | Zig:21   | Entered Level 21 of a ziggurat
 97693 | Zig:21   | Paralysed by a hornet for 4 turns
 97695 | Zig:21   | HP: 2/244 [wolf spider (15)]
 97695 | Zig:21   | Slain by a redback

Vault maps used:
D:1:      dpeg_arrival_renting
D:2:      nicolae_overflow_crystal_walls, kennysheep_big_empty_room,
          uniq_natasha
D:3:      nicolae_qazlal_eye_of_the_storm, first_bread, johnstein_pakellas_shop,
          uniq_robin, uniq_crazy_yiuf_cottage
D:4:      minmay_stone_trees_medium
D:6:      minmay_temple_entry_overgrown, basic_altar, okawaru_metal_pillars_1_2
D:7:      serial_shops, shop, enter_ossuary_4, nicolae_benzene_ring
D:8:      grunt_temple_overflow_open, basic_altar
D:9:      david_orc_5, special_room, uniq_joseph
D:10:     lair_0_dummy, uniq_nergalle
D:11:     serial_shops, kennysheep_mini
D:13:     david_vaults_2
D:14:     nicolae_gozag_cash_rules_everything_around_me, grunt_pizzeria
D:15:     grunt_enter_depths_snipers, uniq_rupert
Temple:   circular_temple_12
Lair:1:   pond
Lair:2:   lab_entry_generic
Lair:3:   eino_house_with_fridge
Lair:4:   nicolae_spider_entry_tight_spaces, beast_lair_carwin_4
Lair:5:   minmay_shoals_entry_lonely_mermaid, grunt_forest_stairs_basic,
          minivault_23, grunt_forest_large_clearings
Lair:6:   minmay_slime_entry_pillars, ldierk_geyser, infiniplex_staircase_pool_2
Lair:7:   wad_woods_tower, grunt_forest_small_clearings, serial_bayou_shore_b,
          infiniplex_staircase_pool
Lair:8:   hangedman_lair_in_review, basic_altar
Shoals:4: shoals_end_grunt_ice, shoal_ilsuiw
Spider:4: grunt_spider_rune_circles, hangedman_spider_tarantella_strand
Slime:3:  cheibrodos_slime_lost_civilization_4
Orc:1:    basic_altar
Orc:2:    grunt_orc_community_town_hall, grunt_orc_community_big_house_1,
          grunt_orc_community_big_house_1, grunt_orc_community_house_1,
          grunt_orc_community_house_2, grunt_orc_community_house_2,
          grunt_orc_community_house_3, grunt_orc_community_house_2,
          serial_shops, nicolae_shop_crystal, sword_in_stone
Elf:1:    eino_elf_arrival_customs, minmay_elf_necromancy
Elf:2:    mu_enter_wizlab_5, guppyfry_elf_lava, uniq_donald, uniq_roxanne
Elf:3:    minmay_elf_hall, serial_shops, shop
Vaults:1: nicolae_vaults_ring_of_whatevers, v_misc_29, nicolae_vaults_murderbox,
          v_alt_pattern_6, vaults_room_grunt_arrival_ludios,
          vaults_room_octagon, nicolae_vaults_big_angled_halls, v_misc_23,
          vaults_dpeg_diagonal, nicolae_vaults_rhombus_6,
          nicolae_vaults_little_squares_6, v_misc_25, v_pattern_1
Vaults:2: vaults_room_corners, hangedman_vaults_snaps, vaults_room_fours,
          hangedman_vaults_hat, nicolae_vaults_little_squares_3,
          vaults_dpeg_encased_lava, serial_ice_g, nicolae_vaults_angled_halls,
          vaults_room_pool, vaults_room_corners, hangedman_vaults_corner,
          serial_shops, shop_fountains
Vaults:3: hangedman_vaults_cutoff, vaults_room_stairs_pillars, v_misc_12,
          v_misc_14, nicolae_vaults_twisting_passages,
          nicolae_vaults_little_squares_6, hangedman_vaults_capsules,
          nicolae_vaults_little_squares_3, vaults_mumra_hex,
          dpeg_vaults_monster_box, vaults_room_stairs_pillars,
          grunt_vaults_hallway_short, blue_anna_dwarven_crypt, uniq_xtahua
Vaults:4: vaults_mumra_minichess, st_diamondy, nicolae_vaults_rhombus_6,
          nicolae_vaults_big_ls, vaults_room_pools, hangedman_vaults_pinch,
          v_misc_13, nicolae_vaults_alarming, hangedman_vaults_trim,
          nicolae_vaults_asterisk
Vaults:5: serial_shops, uniq_sojobo
Crypt:1:  st_chilly_death, uniq_frederick
Crypt:2:  lemuel_mausoleum_altar_kikubaaqudgha
Crypt:3:  lightli_unholy_cathedral,
          nicolae_tomb_entry_unfolded_pyramid_diagonal,
          small_statue_intersection
Tomb:2:   uniq_jory, uniq_mennas, uniq_boris
Depths:1: enter_trove_6, nicolae_abyss_entry_one_way_or_another, serial_sigils,
          serial_sigils_hangedman_etch, serial_sigils_hangedman_clutch,
          serial_sigils_hangedman_gut, serial_sigils_hangedman_quiver,
          serial_sigils_hangedman_stare, serial_sigils_hangedman_scratch,
          columned_hall_lemuel, serial_shops, bzr_entry_gold, hell_entry,
          solitary_fountain
Depths:2: hangedman_cross_cluster, hell_entry, serial_bayou_shore_a,
          nrook_mini_backslash, stair_cage_wide, door_vault
Depths:3: minmay_skeleton_keep, lightli_too_deep, grunt_pan_entry_spiral,
          minmay_holes, grunt_megastairs_4, serial_bayou_shore_b,
          minmay_staircase_statues
Depths:4: lemuel_river_lethe, abyss_entry, hell_entry
Depths:5: grunt_bruiser_brothers, serial_glass, glass_columns_a,
          glass_columns_a, grunt_hell_entry_dis_grunt,
          serial_sigils_hangedman_writhe, corexii_corridor_pit
Dis:2:    grunt_megastairs_3
Dis:3:    door_vault
Dis:6:    grunt_megastairs_2
Dis:7:    iron_city_of_dis
Geh:3:    grunt_deathspiral_small
Geh:7:    geh_old
Nor:7:    coc_dpeg
Tar:4:    hangedman_snap_crack_crunch
Tar:6:    door_vault
Tar:7:    tar_old
Zot:1:    lemuel_lake_of_fire
Zot:2:    st_stairs_4
Zot:3:    hangedman_elemental_grid_stream
Zot:4:    hangedman_zot_vaults_quadrants
Zot:5:    door_vault
Abyss:1:  evilmike_abyss_exit_disperse
Abyss:3:  evilmike_abyss_rune_tentacle_tunnel, evilmike_abyss_exit_kraken
Abyss:4:  evilmike_abyss_exit_16, evilmike_abyss_rune_tso_outpost,
          hangedman_abyss_river_spirits
Abyss:5:  hangedman_abyss_or_decor_lesser_grid,
          hangedman_abyss_rune_flesh_and_stone
Pan:      lemuel_hellion_island, pan_blood_fountain,
          evilmike_mini_pan_possible_glass, pan_blood_fountain_small,
          evilmike_mini_pan_3x3, pan_blood_fountain,
          evilmike_mini_pan_pillars_b, nicolae_pan_mnolegish_5,
          nicolae_pan_double_arrow, pan_blood_fountain, lemuel_draining_boxes,
          pan_blood_fountain_small, nicolae_pan_door_chamber,
          lemuel_hall_of_pain, evilmike_mini_pan_rooms, evilmike_mnoleg_eyes,
          nicolae_pan_cerebovesque_1, cerebov_grunt_fire_and_steel,
          rand_demon_3, pan_blood_fountain_small, nicolae_pan_mnolegish_3,
          evilmike_mini_pan_3x3, rand_demon_8, nicolae_pan_lom_lobonic_2,
          evilmike_mini_pan_doors_b, rand_demon_6, lom_lobon_st,
          pan_blood_fountain_small, evilmike_mini_pan_murderfest,
          nicolae_pan_mnolegish_3, gloorx_vloq
Zig:6:    ziggurat_loot_2
Zig:7:    ziggurat_pillar_centre_c
Zig:8:    ziggurat_pillar_centre_smoke, ziggurat_loot_1
Zig:10:   ziggurat_pillar_centre_dead_trees
Zig:11:   ziggurat_pillar_centre_oklobs
Zig:12:   ziggurat_loot_2
Zig:13:   ziggurat_loot_3
Zig:17:   ziggurat_loot_2
Zig:19:   ziggurat_loot_3
Zig:21:   ziggurat_pillar_centre_more_plants
Zig:24:   ziggurat_loot_2
Zig:25:   ziggurat_pillar_centre_drop
Lab:      labyrinth_watery, nicolae_lab_arrow, nicolae_lab_dead_end
Bazaar:   bazaar_minmay_cross
Trove:    trove_hunter_1
Ossuary:  ossuary_tomb_1
WizLab:   wizlab_cigotuvi

Action                   |  1- 3 |  4- 6 |  7- 9 | 10-12 | 13-15 | 16-18 | 19-21 | 22-24 | 25-27 || total
-------------------------+-------+-------+-------+-------+-------+-------+-------+-------+-------++-------
Melee: Unarmed           |    16 |       |       |       |       |       |       |       |       ||    16
       Whip              |    88 |    14 |       |       |       |       |       |       |       ||   102
       Dagger            |     2 |       |       |       |       |       |       |       |       ||     2
       Long sword        |       |   102 |       |       |       |       |       |       |       ||   102
       Quarterstaff      |       |    70 |   305 |   121 |       |       |       |       |       ||   496
       Staff             |       |       |    25 |       |       |       |       |       |   109 ||   134
       Scimitar          |       |       |       |   537 |  1310 |    41 |       |       |       ||  1888
       Demon trident     |       |       |       |       |       |  1224 |  1282 |  1737 |  5223 ||  9466
       Broad axe         |       |       |       |       |       |       |       |       |  1833 ||  1833
Throw: Throwing net      |       |       |       |       |       |       |       |       |     7 ||     7
 Cast: Flame Tongue      |    37 |    62 |    67 |    99 |    40 |     6 |       |       |       ||   311
       Sticky Flame      |       |     3 |    27 |    84 |    76 |    54 |    13 |       |    19 ||   276
       Conjure Flame     |       |       |     3 |    21 |    12 |     4 |       |       |       ||    40
       Throw Flame       |       |       |     8 |    51 |    22 |    61 |       |       |       ||   142
       Fireball          |       |       |       |    10 |    82 |   120 |    30 |    15 |    89 ||   346
       Ignite Poison     |       |       |       |       |     3 |    11 |     5 |       |       ||    19
       Poisonous Cloud   |       |       |       |       |     3 |    28 |     8 |       |     1 ||    40
       Airstrike         |       |       |       |       |       |    11 |    11 |    14 |       ||    36
       Conjure Ball Ligh |       |       |       |       |       |    16 |    43 |    13 |    71 ||   143
       Poison Arrow      |       |       |       |       |       |       |    10 |    16 |     6 ||    32
       Bolt of Magma     |       |       |       |       |       |       |       |     8 |   107 ||   115
       Necromutation     |       |       |       |       |       |       |       |       |   237 ||   237
       Tornado           |       |       |       |       |       |       |       |       |   212 ||   212
       Shatter           |       |       |       |       |       |       |       |       |   111 ||   111
       Fire Storm        |       |       |       |       |       |       |       |       |    49 ||    49
       Chain Lightning   |       |       |       |       |       |       |       |       |    28 ||    28
       Phase Shift       |       |       |       |       |       |       |       |       |    11 ||    11
       Yara's Violent Un |       |       |       |       |       |       |       |       |     2 ||     2
       Repel Missiles    |       |       |       |       |       |       |       |       |     1 ||     1
       Delayed Fireball  |       |       |       |       |       |       |       |       |     1 ||     1
Invok: Call Merchant     |       |     1 |     1 |     2 |     2 |     2 |     2 |     3 |     3 ||    16
       Slouch            |       |       |       |       |       |       |       |       |    25 ||    25
       Step From Time    |       |       |       |       |       |       |       |       |     4 ||     4
 Abil: End Transformatio |       |       |       |       |       |       |       |       |    11 ||    11
Evoke: Wand              |       |       |     1 |     3 |     3 |     5 |    13 |     1 |    16 ||    42
       Deck              |       |       |       |     1 |     2 |       |       |       |    13 ||    16
       Lamp of fire      |       |       |       |       |       |     1 |       |       |     2 ||     3
       Piece from Xom's  |       |       |       |       |       |       |       |       |     2 ||     2
       Disc of storms    |       |       |       |       |       |       |       |       |    23 ||    23
       Crystal ball of e |       |       |       |       |       |       |       |       |    16 ||    16
       Figurine of a zig |       |       |       |       |       |       |       |       |     3 ||     3
       Fan of gales      |       |       |       |       |       |       |       |       |     2 ||     2
  Use: Scroll            |     5 |     7 |     9 |    21 |    13 |    24 |    16 |     8 |   131 ||   234
       Potion            |       |       |     1 |     3 |     6 |    24 |     8 |     1 |    71 ||   114
 Stab: Sleeping          |       |     5 |     2 |     3 |     2 |     7 |     6 |    21 |    16 ||    62
       Petrifying        |       |       |     1 |       |       |       |       |       |     3 ||     4
       Confused          |       |       |     2 |       |       |       |       |       |     4 ||     6
       Distracted        |       |       |     1 |     3 |    11 |    11 |    20 |    16 |    66 ||   128
       Paralysed         |       |       |     1 |       |       |       |       |       |       ||     1
       Held in net/web   |       |       |       |       |       |       |       |       |     8 ||     8
       Invisible         |       |       |       |       |       |       |       |       |     3 ||     3
  Eat: Chunk             |     2 |       |       |       |       |       |       |       |   213 ||   215
       Bread ration      |       |     1 |     1 |     1 |     8 |     5 |     3 |     5 |    22 ||    46
       Beef jerky        |       |     1 |     2 |     2 |     2 |     2 |     5 |     1 |     9 ||    24
       Meat ration       |       |     1 |     1 |     6 |       |     2 |     1 |     1 |       ||    12
       Fruit             |       |       |     2 |       |       |     7 |       |       |       ||     9
       Royal jelly       |       |       |     1 |     1 |     4 |     1 |     3 |       |       ||    10
       Pizza             |       |       |       |       |       |     6 |     1 |       |     1 ||     8
